 Dungeon Crawl Stone Soup version 0.30-a0-912-ge10d75a369 (webtiles) character file.

Game seed: 13287008284120507267

1616580 EnegeticOcto the Peltast (level 25, 294/323 (330) HPs)
             Began as a White Draconian Chaos Knight on Mar 19, 2023.
             Was a Favourite Plaything of Xom.
             Escaped with the Orb
             ... and 3 runes!
             The game lasted 02:44:44 (71434 turns).

EnegeticOcto the Peltast (DrCK)                    Turns: 71434, Time: 02:44:45

HP:   294/323 (330) AC: 37    Str: 20    XL:     25   Next: 58%
MP:   40/44         EV: 24    Int: 24    God:    Xom [...*..]
Gold: 1162          SH: 21    Dex: 17    Spells: 37/58 levels left

rFire   + . .      SeeInvis +    b - +9 demon blade (freeze)
rCold   + + .      Faith    .    Q - +5 kite shield {AC+3}
rNeg    + . .      Spirit   +    (body armour unavailable)
rPois   ∞          Reflect  .    Y - +2 hat {SInv}
rElec   +          Rampage  .    h - +2 cloak
rCorr   +          NoTele   +    S - melded -1 pair of gloves of the Game of Kings {rElec Will+ Regen+}
Will    ++++.      Rage     3%   v - melded +2 pair of boots {Fly}
Stlth   ++                       J - amulet of Qanaeb {Spirit -Tele +Inv Dex+5 Stlth+}
HPRegen 0.73/turn                g - ring "Bed Ott" {Wiz rF+ rC+ rCorr Str+2}
MPRegen 0.29/turn                m - ring of the Jester {Will+ Slay+4}

@: statue-form, studying 2 skills, lightly drained, very slow
A: slow and powerful, torment resistance 1, boosted hp, (breathe frost), AC +12,
unfitting armour, cold resistance 1, cold-blooded, antennae 1, claws 1, stinger
1, talons 1, camouflage 1, berserk 1, clever 2, clumsy 1, strong-willed 2,
passive freeze, robust 1, strong 1, wild magic 1, evolution 1, inability to read
after injury 2, MP-powered wands
0: Orb of Zot
}: 3/15 runes: decaying, silver, gossamer
a: End Transformation, Renounce Religion, Evoke Invisibility


You escaped.
You worshipped Xom.
You were a favourite toy of Xom.
You were a living statue of rough stone.
You visited 9 branches of the dungeon, and saw 47 of its levels.
You visited the Abyss 2 times.
You also visited: Trove, Ossuary, Gauntlet and Ice Cave.

You collected 8666 gold pieces.
You spent 7504 gold pieces at shops.

Inventory:

Hand Weapons
 b - a +9 demon blade of freezing (weapon)
   (You took it off Mara on level 4 of the Spider Nest)
 N - the +4 dagger "Qiren" {freeze, *Noise +Blink rC+++ Int+4}
   (You took it off a deep elf elementalist on level 3 of the Elven Halls)

   Int:       It affects your intelligence (+4).
   rC:        It renders you almost immune to cold.
   +Blink:    It lets you blink.
   *Noise:    It may make noises in combat.
 P - the +8 Vampire's Tooth {megavamp}
   (You bought it in a shop on level 1 of the Orcish Mines)
Missiles
 E - 10 curare-tipped darts (quivered)
 T - a throwing net {!f}
Armour
 h - a +2 cloak (worn)
   (You found it on level 1 of the Dungeon)
 v - a +2 pair of boots of flying (melded)
   (You found it on level 7 of the Dungeon)
 Q - a +5 kite shield of protection (worn)
   (You took it off a tengu warrior on level 15 of the Dungeon)
 S - the -1 pair of gloves of the Game of Kings (melded) {rElec Will+ Regen+}
   (You found it on level 3 of the Depths)

   rElec:     It insulates you from electricity.
   Regen:     It increases your rate of health regeneration.
   Will:      It increases your willpower.
 Y - a +2 hat of see invisible (worn)
   (You found it in a Gauntlet)
Jewellery
 g - the ring "Bed Ott" (left claw) {Wiz rF+ rC+ rCorr Str+2}
   (You bought it in a shop on level 4 of the Dungeon)

   [ring of wizardry]

   It improves your spell success rate.
   Str:       It affects your strength (+2).
   rF:        It protects you from fire.
   rC:        It protects you from cold.
   rCorr:     It protects you from acid and corrosion.
 m - the ring of the Jester (right claw) {Will+ Slay+4}
   (You found it on level 3 of the Elven Halls)

   [ring of slaying]

   Slay:      It affects your accuracy & damage with ranged weapons and melee
   (+4).
   Will:      It increases your willpower.
 H - an amulet of reflection
   (You found it on level 2 of the Depths)
 J - the amulet of Qanaeb (around neck) {Spirit -Tele +Inv Dex+5 Stlth+}
   (You found it on level 5 of the Vaults)

   [amulet of guardian spirit]

   It causes incoming damage to be divided between your reserves of health and
   magic.
   Dex:       It affects your dexterity (+5).
   +Inv:      It lets you turn invisible.
   -Tele:     It prevents most forms of teleportation.
   Stlth:     It makes you more stealthy.
Wands
 i - a wand of paralysis (41)
   (You found it in a treasure trove)
 F - a wand of roots (14) {@v2}
   (You found it in a treasure trove)
 K - a wand of mindburst (22)
   (You found it in a treasure trove)
 L - a wand of digging (12) {@v3}
   (You bought it in a shop on level 2 of the Orcish Mines)
 M - a wand of quicksilver (19) {@v1}
   (You took it off Blork the orc on level 5 of the Dungeon)
 V - a wand of polymorph (28)
   (You found it on level 8 of the Dungeon)
Scrolls
 a - a scroll of butterflies
 f - 4 scrolls of silence {!r}
 j - 8 scrolls of fear {!r}
 k - 6 scrolls of fog {!r}
 o - 15 scrolls of teleportation {@r3 !r}
 p - 5 scrolls of blinking {@r4}
 r - 3 scrolls of poison
 u - 6 scrolls of enchant armour
 B - 3 scrolls of magic mapping {@r5 !r}
 C - 6 scrolls of immolation
 I - 6 scrolls of vulnerability
Potions
 c - 8 potions of heal wounds {@q2 !q}
 d - 4 potions of cancellation
 e - 5 potions of brilliance
 l - 7 potions of ambrosia
 n - 6 potions of resistance
 q - 11 potions of curing {@q1 !q}
 t - 9 potions of berserk rage
 w - 12 potions of lignification {@q6}
 A - 15 potions of might {@q3 !q}
 G - a potion of invisibility
 O - 2 potions of mutation
 R - a potion of attraction
 W - 4 potions of haste {@q4 !q}
Miscellaneous
 s - a phantom mirror
   (You found it on level 3 of the Swamp)
 y - a box of beasts
   (You found it on level 10 of the Dungeon)
 z - a lightning rod (4/4)
   (You found it on level 1 of the Lair of Beasts)
 D - a condenser vane
   (You found it on level 10 of the Dungeon)
 U - a tin of tremorstones (2/2)
   (You found it on level 3 of the Elven Halls)
 Z - a phial of floods
   (You found it on level 3 of the Elven Halls)


   Skills:
 - Level 20.0 Fighting
 - Level 14.0 Long Blades
 - Level 20.0 Dodging
 - Level 3.0 Stealth
 - Level 20.1 Shields
 - Level 17.0 Spellcasting
 - Level 7.5 Conjurations
 - Level 14.0 Transmutations
 - Level 12.0 Earth Magic
 + Level 16.7 Evocations


You had 37 spell levels left.
You knew the following spells:

 Your Spells              Type           Power      Damage    Failure   Level
a - Apportation           Tloc           52%        N/A       2%          1
b - Statue Form           Tmut/Erth      54%        N/A       1%          6
c - Wereblood             Tmut           85%        N/A       1%          2
d - Mephitic Cloud        Conj/Pois/Air  42%        N/A       2%          3
p - Passwall              Tmut/Erth      68%        N/A       1%          2
z - Irradiate             Conj/Tmut      38%        3d24      1%          5
Y - Blink                 Tloc           52%        N/A       3%          2

Your spell library contained the following spells:

 Spells                   Type           Power      Damage    Failure   Level
 Magic Dart               Conj           100%       1d8       1%          1
 Sandblast                Erth           100%       2d20      1%          1
 Shock                    Conj/Air       100%       1d9       1%          1
 Sting                    Tmut/Pois      100%       1d8       1%          1
 Momentum Strike          Conj/Tloc      100%       3d10      1%          2
 Searing Ray              Conj           100%       2d8       1%          2
 Dazzling Flash           Conj/Hex       100%       N/A       1%          3
 Hailstorm                Conj/Ice       50%        3d11      1%          3
 Ignite Poison            Fire/Tmut/Pois 53%        N/A       1%          3
 Stone Arrow              Conj/Erth      100%       3d13      1%          3
 Ice Form                 Ice/Tmut       63%        N/A       1%          4
 Blade Hands              Tmut           42%        N/A       1%          5
 Lee's Rapid Deconstruct  Erth           39%        3d19*     1%          5
 Freeze                   Ice            100%       1d10      2%          1
 Necrotise                Necr           100%       1d9       2%          1
 Slow                     Hex            100%       N/A       2%          1
 Summon Small Mammal      Summ           100%       N/A       2%          1
 Leda's Liquefaction      Hex/Erth       29%        N/A       2%          4
 Iskenderun's Battlesphe  Conj           65%        2d11      2%          5
 Call Imp                 Summ           26%        N/A       3%          2
 Ensorcelled Hibernation  Hex/Ice        52%        N/A       3%          2
 Lesser Beckoning         Tloc           52%        N/A       3%          2
 Poisonous Vapours        Pois/Air       52%        N/A       3%          2
 Sublimation of Blood     Necr           26%        N/A       3%          2
 Flame Wave               Conj/Fire      50%        2d12      4%          4
 Fulminant Prism          Conj/Hex       25%        3d13      4%          4
 Iskenderun's Mystic Bla  Conj/Tloc      50%        2d11      4%          4
 Sticky Flame             Conj/Fire      50%        2d7       4%          4
 Call Canine Familiar     Summ           26%        N/A       6%          3
 Confusing Touch          Hex            26%        N/A       6%          3
 Frozen Ramparts          Ice            52%        1d8       6%          3
 Inner Flame              Hex/Fire       26%        N/A       6%          3
 Kindle Blastsparks       Fire/Tloc/Air  52%        2d14      6%          3
 Portal Projectile        Hex/Tloc       52%        N/A       6%          3
 Swiftness                Air            26%        N/A       6%          3
 Vampiric Draining        Necr           26%        2d7       6%          3
 Iron Shot                Conj/Erth      36%        9d7       6%          6
 Dragon Form              Tmut           42%        N/A       6%          7
 Eringya's Noxious Bog    Tmut/Pois      31%        N/A       16%         6
 Airstrike                Air            13%        2d(2-18)  19%         4
 Cause Fear               Hex            13%        N/A       19%         4
 Manifold Assault         Tloc           26%        N/A       19%         4
 Olgreb's Toxic Radiance  Pois           26%        N/A       19%         4
 Summon Lightning Spire   Summ/Air       26%        N/A       19%         4
 Freezing Cloud           Conj/Ice/Air   21%        6-21      19%         5
 Agony                    Necr           26%        N/A       41%         5
 Metabolic Englaciation   Hex/Ice        13%        N/A       41%         5
 Summon Forest            Summ/Tloc      13%        N/A       41%         5
 Summon Mana Viper        Hex/Summ       26%        N/A       41%         5
 Conjure Ball Lightning   Conj/Air       25%        3x3d7     47%         6
 Starburst                Conj/Fire      25%        6d8       47%         6
 Orb of Destruction       Conj           32%        9d10      52%         7
 Death Channel            Necr           13%        N/A       91%         6
 Dispersal                Tloc           13%        N/A       91%         6
 Summon Cactus Giant      Summ           13%        N/A       91%         6
 Spellforged Servitor     Conj/Summ      25%        N/A       94%         7
 Necromutation            Tmut/Necr      31%        N/A       99%         8
 Ozocubu's Refrigeration  Ice            13%        4d10      100%        7
 Summon Hydra             Summ           13%        N/A       100%        7
 Borgnjor's Revivificati  Necr           13%        N/A       100%        8
 Disjunction              Tloc           13%        N/A       100%        8
 Ignition                 Fire           13%        3d6       100%        8
 Death's Door             Necr           13%        N/A       100%        9
 Dragon's Call            Summ           13%        N/A       100%        9
 Fire Storm               Conj/Fire      25%        8d6       100%        9
 Animate Armour           Summ/Erth      Unusable   N/A       N/A         4

Dungeon Overview and Level Annotations

Branches:
Dungeon (15/15)            Temple (0/1) D:7            Lair (5/5) D:8
  Swamp (4/4) Lair:3       Spider (4/4) Lair:3        Slime (0/5) Lair:5
    Orc (2/2) D:9             Elf (3/3) Orc:2        Vaults (5/5) D:14
  Crypt (0/3) Vaults:3     Depths (4/4) D:15            Zot (5/5) Depths:4
Ossuary (visited)           IceCv (visited)         Gauntlet (visited)

Altars:
Cheibriados
Dithmenos
Elyvilon
Fedhas
Gozag
Hepliaklqana
Kikubaaqudgha
Nemelex Xobeh
Okawaru
Ru
Trog
Uskayaw
Vehumet
Wu Jian
Xom
Yredelemnul
The Shining One
Jiyva

Shops:
D:4 *   D:10 ?   D:11 *   Orc:1 (   Orc:2 ***[   Elf:1 (   Elf:2 (   Vaults:2 (
Vaults:5 [=   Depths:2 *   Depths:3 ::=

Portals:
Hell: Depths:1 Depths:2 Depths:3 Depths:4
Abyss: Depths:1 Depths:3 Depths:4
Pandemonium: Depths:2 Depths:3 Depths:4
Ziggurat: Depths:3

Annotations:
D:9 3 runed translucent doors, exclusion: 3 doors, Bruce1nR's ghost, novice HuCK
D:14 Nessos
Lair:1 exclusion: oklob plant
Lair:4 exclusion: 4 oklob plants
Elf:2 3 runed translucent doors
Vaults:1 1 runed translucent door, Corraure's ghost, adept FoFi
Depths:2 2 runed translucent doors
Depths:4 exclusions: 2 draconian stormcallers and 2 more exclusions
Zot:4 1 exclusion
Zot:5 1 exclusion


Innate Abilities, Weirdness & Mutations

You are a living statue of rough stone.
Your actions are slow, but your melee attacks are powerful.
You are resistant to unholy torment.
Your maximum health is greatly increased.
You are immune to poison.
Your equipment is partially melded.
((You can breathe waves of freezing cold which knock back foes.))
((Your icy white scales are hard. (AC +12)))
You cannot fit into any form of body armour.
Your flesh is cold resistant. (rC+)
You are cold-blooded and may be slowed by cold attacks.
You have a pair of small antennae on your head.
You have sharp fingernails.
Your tail ends in a venomous barb.
You have sharp toenails.
Your skin changes colour to match your surroundings (Stealth+).
You sometimes lose your temper in combat.
Your mind is very acute. (Int +8, Str/Dex -2)
You are clumsy. (Dex -2)
You are highly strong-willed. (Will++)
A frigid envelope surrounds you and freezes all who hurt you.
You are robust. (+10% HP)
Your muscles are strong. (Str +4, Int/Dex -1)
Your spells are a little harder to cast, but a little more powerful.
You have hidden genetic potential.
You sometimes lose the ability to read scrolls when taking damage.
You expend magic power (3 MP) to strengthen your wands.


Message History

The Executioner attacks as you move away!
You block the Executioner's attack. x2; The Executioner completely misses you.
You block the Executioner's attack. The Executioner closely misses you.
The Executioner barely misses you. x2; The Executioner misses you.
You block the Executioner's attack.
There is a stone staircase leading up here.
You block the Executioner's attack.
The Executioner hits you but does no damage.
The Executioner completely resists.
The Executioner hits you but does no damage.
The Executioner resists.
The Executioner is very cold.
The Executioner is lightly wounded.
You block the Executioner's attack. x2
The Executioner hits you but does no damage.
The Executioner completely resists.
You block the Executioner's attack. The Executioner hits you.
The Executioner resists.
The Executioner is very cold.
The Executioner is lightly wounded.
The Executioner hits you but does no damage.
The Executioner completely resists.
The lich gestures wildly while chanting.
The lich seems to speed up.
You fly upwards.
There is a stone staircase leading down here.
You hit the Executioner.
The Executioner is lightly wounded.
You block the Executioner's attack.
The Executioner hits you but does no damage.
The Executioner resists.
The Executioner is very cold.
The Executioner is moderately wounded.
You block the Executioner's attack. The Executioner completely misses you.
The Executioner hits you.
The Executioner resists.
The Executioner is very cold.
The Executioner is moderately wounded.
The Executioner hits you but does no damage.
The Executioner completely resists.
You hit the Executioner but do no damage.
You tail-slap the Executioner, but do no damage.
The Executioner is moderately wounded.
You block the Executioner's attack. The Executioner hits you.
The Executioner resists.
The Executioner is very cold.
The Executioner is moderately wounded.
You block the Executioner's attack. The Executioner closely misses you.
You block the Executioner's attack. The Executioner misses you.
You barely miss the Executioner.
You tail-slap the Executioner, but do no damage.
The Executioner is moderately wounded.
The Executioner hits you.
The Executioner resists.
The Executioner is very cold.
The Executioner is moderately wounded.
You block the Executioner's attack. x2
The Executioner hits you but does no damage.
The Executioner resists.
The Executioner is very cold.
The Executioner is heavily wounded.
The Executioner hits you but does no damage.
The Executioner resists.
The Executioner is very cold.
The Executioner is heavily wounded.
The Executioner hits you but does no damage.
The Executioner resists.
The Executioner is very cold.
The Executioner is heavily wounded.
You slash the Executioner! You freeze the Executioner.
Your tail-slap misses the Executioner.
The Executioner is almost dead.
The Executioner misses you.
The Executioner hits you but does no damage.
The Executioner resists.
The Executioner is very cold.
The Executioner is almost dead.
The Executioner completely misses you.
You slash the Executioner!
You kill the Executioner!
No target in view!
(D) Dungeon (T) Temple (L) Lair (S) Swamp (N) Spider Nest (M) Slime Pits (O) Orcish Mines (E) Elven Halls (V) Vaults (C) Crypt (U) Depths (H) Hell (Z) Zot
Where to? (Enter - D:1 @ (x,y), ? - help)
There is a staircase leading out of the dungeon here.
You start removing your amulet.
You continue taking off your amulet of reflection. x4
You finish taking off your amulet of reflection.
You start putting on your amulet.
You continue putting on the amulet of Qanaeb {Spirit -Tele +Inv Dex+5 Stlth+}. x5
You finish putting on the amulet of Qanaeb {Spirit -Tele +Inv Dex+5 Stlth+}.
You feel your power drawn to a protective spirit.
You feel agile.
J - the amulet of Qanaeb (around neck) {Spirit -Tele +Inv Dex+5 Stlth+}
Casting: Statue Form (mildly dangerous; 1% risk of failure)
Confirm with . or Enter, or press ? or * to list all spells.
You turn into a living statue of rough stone.
The -1 pair of gloves of the Game of Kings {rElec Will+ Regen+} melds into your body.
Your +2 pair of boots of flying melds into your body.
You float gracefully downwards.
Really quaff
c - 10 potions of heal wounds {@q2 !q}?
You feel much better.
Really quaff
c - 9 potions of heal wounds {@q2 !q}?
You feel much better. Magic courses through your body.
The hellephant blinks!
The hellephant breathes flames at you. The blast of flame hits you!!
You resist.
You have escaped!

......≈.#.#.###.≈§≈≈.#######.....
#.....≈.#.#.#...≈.........##.....
#..#'#≈.#.#.#.≈≈≈.##########.....
#.....≈.#.#§§§≈.Y§§§......##.....
.....§≈...#§≈§§.§≈≈§≈.###.##.....
......≈≈§.#§§§§§≈§§§§...#.).)....
......#.≈.#.≈.§≈§.≈§§§≈.####.....
......#.≈...§.§§§§≈.§§≈.§§#......
......#.≈≈§§≈≈≈.8§§≈≈§§§§§#......
#....)#...≈...≈..§§.§§..§.#......
......###§§≈≈.≈.≈≈≈.≈.#.§.#....##
......'.#...≈...§...≈.#.≈§≈#...##
.##...#.###.≈≈≈≈≈.≈≈≈.#...≈#.....
......#.........§§§...#.#§§#.....
......#########.≈§§.#.#.#§§#.....
......#.........≈...#.#.#.≈#.....
....########.≈≈§≈.###.#.#.≈###...


There were no monsters in sight!

Vanquished Creatures
  4 ancient liches (Zot:5)
  An orb of fire (Zot:5)
  3 dread liches
  Mara (Spider:4)
  2 Killer Klowns (Zot:5)
  Vv (Depths:4)
  Bai Suzhen (Spider:3)
  A curse toe (Zot:3)
  Saint Roka (Depths:4)
  2 golden dragons
  A profane servitor (Depths:1)
  the Enchantress (Depths:1)
  A Brimstone Fiend (Zot:4)
  3 doom hounds (Depths:2)
  12 tentacled monstrosities
  3 liches
  24 Orb Guardians
  A Hell Sentinel (D:4)
  An Ice Fiend (D:4)
  Grunn (Depths:2)
  6 titans
  2 deep elf blademasters (Elf:3)
  5 quicksilver dragons
  2 deep elf master archers (Elf:3)
  Frances (D:14)
  6 death cobs
  3 thorn hunters
  2 Executioners
  7 shadow dragons
  7 storm dragons
  7 tengu reavers
  An azure jelly (Lair:5)
  5 deep elf sorcerers
  5 emperor scorpions
  18 frost giants
  18 vault wardens
  A draconian scorcher (Zot:5)
  2 iron dragons (Depths:3)
  A balrug (Depths:3)
  3 ghouls (Swamp:4)
  An angel (D:12)
  3 spriggan defenders (Depths:1)
  2 draconian stormcallers (Zot:4)
  4 broodmothers
  2 orc warlords (Vaults:3)
  8 fire giants
  16 ironbound preservers
  2 deep elf elementalists (Elf:3)
  10 ghost moths
  2 draconian annihilators
  3 reapers
  A draconian shifter (Zot:3)
  A war gargoyle (Vaults:3)
  4 ironbound thunderhulks
  5 very ugly things
  3 green draconians
  3 vampire knights
  10 stone giants
  The ghost of Kuef the Severer, a journeyman MiFi of Okawaru (Lair:2)
  Azrael (D:14)
  8 bunyips
  8 deep elf demonologists
  A red draconian (Zot:4)
  6 white draconians
  An eleionoma (shapeshifter) (Vaults:5)
  12 dire elephants
  7 purple draconians
  8 deep elf annihilators
  2 lorocyprocas
  4 black draconians
  6 eleionomae
  A minotaur (Gauntlet)
  3 yellow draconians
  8 spark wasps
  An eidolon (Abyss:3)
  3 deep elf death magi
  Josephine (D:14)
  11 fire dragons
  A crystal guardian (Vaults:3)
  3 entropy weavers
  16 ettins
  10 deep elf high priests
  A ghost crab (Swamp:1)
  4 great orbs of eyes
  17 yaktaur captains
  A rakshasa (Depths:3)
  9 ice dragons
  Fannar (Lair:3)
  A peacekeeper (Vaults:3)
  An anaconda (shapeshifter) (Depths:1)
  32 vault guards
  8 ogre magi
  27 hydras
  A spriggan air mage (Depths:1)
  2 radroaches
  6 ironbound frosthearts
  An anaconda (Swamp:2)
  3 jorogumos (Spider:4)
  11 alligators
  15 dancing weapons
  3 catoblepae
  15 two-headed ogres
  24 centaur warriors
  Erica (D:8)
  9 boulder beetles
  5 death yaks
  A vampire mage (Depths:2)
  8 death scarabs (Spider:4)
  6 deep troll shamans
  15 tengu warriors
  7 thrashing horrors
  6 deep troll earth magi
  6 spriggan berserkers
  2 spectral emperor scorpions (Spider:4)
  A shock serpent (shapeshifter) (Depths:3)
  14 deep elf knights
  13 hell knights
  Amaemon (D:11)
  2 sun demons
  A fire crab (Vaults:2)
  A soul eater (Depths:4)
  2 iron trolls (Depths:3)
  4 wretched stars
  2 sixfirhies
  A skyshark (shapeshifter) (Vaults:5)
  A shadow wraith (D:14)
  A golden dragon zombie (Depths:2)
  2 skeletal warriors
  7 goliath frogs
  6 pharaoh ants
  A spatial maelstrom (Abyss:3)
  10 orb spiders
  A spark wasp zombie (Depths:2)
  A spriggan druid (Swamp:4)
  2 flayed ghosts
  11 bog bodies
  14 deep elf archers
  32 deep trolls
  6 glowing orange brains
  11 swamp dragons
  6 lindwurms
  2 spectral jorogumos (Spider:4)
  Pikel (D:7)
  9 wizards
  22 ironbound convokers
  6 steelbarb worms
  4 harpies (Vaults:2)
  5 phantasmal warriors
  8 necromancers
  31 deep elf zephyrmancers
  A sphinx zombie (Depths:2)
  39 deep elf pyromancers
  A mana viper (Depths:3)
  8 orc knights
  An oklob plant (Lair:3)
  A mana viper (shapeshifter) (Vaults:5)
  A broodmother zombie (Spider:4)
  2 orc sorcerers (Orc:1)
  The ghost of Zaque the Destroyer, a novice DrCj of Vehumet (D:7)
  28 wolf spiders
  2 manticores
  5 will-o-the-wisps
  20 elephants
  8 cyclopes
  31 ugly things
  19 moths of wrath
  A rust devil (Depths:2)
  9 black mambas
  Maurice (D:11)
  A naga mage (Depths:2)
  3 smoke demons
  20 vault sentinels
  A guardian serpent (shapeshifter) (Vaults:4)
  A guardian serpent (Lair:5)
  3 ice statues
  3 gargoyles
  5 demonic crawlers
  3 orange demons
  9 cane toads
  3 kobold demonologists
  Maggie (D:8)
  4 torpor snails
  3 unseen horrors
  2 hellions
  A freezing wraith (Vaults:5)
  A tormentor (Depths:2)
  10 rime drakes
  3 efreet
  7 komodo dragons
  5 redback zombies (Spider:4)
  2 spectral redbacks (Spider:4)
  19 yaktaurs
  4 tengu conjurers
  3 unseen horror zombies (D:10)
  A yaktaur (shapeshifter) (D:13)
  4 red devils
  An ice devil (Abyss:3)
  A troll (shapeshifter) (D:15)
  8 trolls
  A meliai (shapeshifter) (Lair:4)
  A wandering mushroom (Lair:3)
  A hellwing (Depths:2)
  4 polar bears
  8 hornets
  A queen bee (shapeshifter) (D:1)
  3 spectral tarantellas (Spider:4)
  A harpy skeleton (Abyss:3)
  A merfolk (shapeshifter) (Depths:3)
  2 spectral jumping spiders (Spider:4)
  12 tyrant leeches
  A wind drake (shapeshifter) (Swamp:1)
  A raiju (shapeshifter) (D:15)
  A spectral culicivora (Spider:4)
  27 tarantellas
  A tarantella zombie (Spider:4)
  A wind drake (Lair:4)
  A snapping turtle (shapeshifter) (Vaults:5)
  57 slime creatures
  2 blink frogs (shapeshifter)
  A dream sheep (Spider:3)
  23 jumping spiders
  20 blink frogs
  26 culicivoras
  7 spriggans
  5 shadows
  4 air elementals
  5 water elementals
  A yak (shapeshifter) (Depths:3)
  3 wyverns
  4 fire elementals
  A hog (shapeshifter) (Elf:1)
  A basilisk (shapeshifter) (Depths:2)
  3 basilisks
  43 yaks
  3 vampires
  A golden eye (Abyss:4)
  8 wraiths
  44 redbacks
  A neqoxec (Zot:5)
  2 golden eyes (shapeshifter)
  11 vampire mosquitoes
  Menkaure (D:4)
  A chaos spawn (Abyss:3)
  5 steam dragons
  A naga (shapeshifter) (D:15)
  14 swamp worms
  2 large abominations (Abyss:3)
  6 acid dragons
  14 water moccasins
  3 hell hounds (D:14)
  Duvessa (D:5)
  11 swamp drakes
  5 black bears
  2 ice beasts
  A sky beast (shapeshifter) (Spider:1)
  5 sky beasts
  33 ogres
  10 wolves
  A boggart (Vaults:3)
  14 orc warriors
  3 lemures (D:7)
  A phantom (D:6)
  10 centaurs
  A kobold brigand (D:7)
  A bullfrog (shapeshifter) (Spider:1)
  10 bullfrogs
  A necrophage (Swamp:4)
  Blork the orc (D:5)
  2 earth elementals (Elf:2)
  3 gnoll sergeants
  6 scorpions
  2 small abominations
  14 wights
  Dowan (D:5)
  3 troll zombies (Swamp:1)
  8 lindwurm simulacra (IceCv)
  10 killer bees (D:10)
  6 electric eels
  A troll skeleton (Swamp:1)
  A howler monkey (D:7)
  A crimson imp (D:8)
  3 centaur zombies
  A quasit (Abyss:4)
  A komodo dragon simulacrum (IceCv)
  9 orc priests
  A gnoll bouda (D:4)
  3 hounds
  15 jellies
  2 sleepcaps
  15 starcursed masses
  3 iguanas
  Natasha (thrice) (D:3)
  18 orc wizards
  6 hell rats
  8 mummies (Ossuary)
  A boggart simulacrum (D:12)
  2 howler monkey zombies (D:10)
  5 acid dragon simulacra (IceCv)
  5 adders
  20 gnolls
  A shadow imp (D:6)
  A white imp (D:8)
  5 ufetubi
  7 steam dragon simulacra (IceCv)
  3 dart slugs
  5 worms
  70 orcs
  6 ball pythons
  2 endoplasms (D:4)
  5 giant cockroaches
  7 goblins
  4 hobgoblins
  14 jackals
  4 quokkas
  8 bats
  3 frilled lizards
  A gnoll zombie (Ossuary)
  2 hobgoblin zombies (Ossuary)
  15 kobolds
  3 kobold zombies (Ossuary)
  2 orc zombies (Ossuary)
  5 rats
2026 creatures vanquished.

Vanquished Creatures (collateral kills)
  the Lernaean hydra (Swamp:4)
  Donald (Orc:2)
  A deep elf annihilator (Elf:3)
  3 hydras (Swamp:4)
  A juggernaut simulacrum (Depths:1)
  2 death yaks (Lair:3)
  4 deep trolls (Depths:1)
  An ironbound convoker (Vaults:2)
  A deep elf pyromancer (Elf:1)
  A harpy (shapeshifter) (Vaults:5)
  An orc knight (Orc:1)
  A wolf spider (Spider:3)
  An ugly thing (Depths:1)
  A vault sentinel (Vaults:2)
  A rime drake (Lair:5)
  A tarantella (Spider:1)
  A tyrant leech (Swamp:4)
  An ettin skeleton (Depths:1)
  7 yaks
  A basilisk (Lair:5)
  A human zombie (Depths:1)
  An ogre (D:15)
  A gnoll sergeant (D:12)
  An orc priest (D:4)
  2 orc wizards
  A hobgoblin (D:4)
  A kobold (D:4)
  A bat (D:3)
41 creatures vanquished.

Vanquished Creatures (others)
  A fire giant (Depths:2)
  A rakshasa (Depths:3)
  2 dancing weapons
  A fire crab (Lair:3)
  A necromancer (Depths:3)
  A deep elf zephyrmancer (Elf:2)
  3 deep elf pyromancers
  A bloated husk (Swamp:3)
  2 wolves (Lair:3)
  An ogre (Vaults:4)
  A small abomination (Abyss:3)
  A ball python (D:4)
  2 bushes
  50 foxfires
  62 fungi
  83 plants
  6 withered plants
219 creatures vanquished.

Grand Total: 2286 creatures vanquished

Notes
Turn   | Place    | Note
-------+----------+-------------------------------------------
     0 | D:1      | EnegeticOcto the Draconian Chaos Knight began the quest for
                  | the Orb.
     0 | D:1      | Reached XP level 1. HP: 19/19 MP: 1/1
    52 | D:1      | Reached skill level 1 in Stealth
    55 | D:1      | a gnoll changed into a shapeshifter
    55 | D:1      | Noticed a shapeshifter (shapeshifter)
    55 | D:1      | XOM: potion effect (invisibility)
    55 | D:1      | a shapeshifter changed into a hog
    55 | D:1      | Noticed a hog (shapeshifter)
    56 | D:1      | a hog changed into a queen bee
    56 | D:1      | Noticed a queen bee (shapeshifter)
    65 | D:1      | Killed a queen bee
    66 | D:1      | Reached skill level 3 in Stealth
    66 | D:1      | Reached skill level 5 in Long Blades
    66 | D:1      | Reached XP level 2. HP: 26/26 MP: 2/2
    66 | D:1      | Reached XP level 3. HP: 31/31 MP: 3/3
    66 | D:1      | Reached XP level 4. HP: 38/38 MP: 4/4
    66 | D:1      | Reached XP level 5. HP: 45/45 MP: 5/5
   143 | D:1      | XOM: potion effect (invisibility)
   547 | D:1      | Found a faded altar of an unknown god.
   629 | D:1      | XOM: silly message
   870 | D:1      | XOM: silly message
  1286 | D:2      | XOM: silly message
  1369 | D:2      | XOM: divination: detect creatures
  1441 | D:2      | XOM: noise
  1800 | D:2      | XOM: silly message
  1920 | D:2      | Reached XP level 6. HP: 52/52 MP: 6/6
  2112 | D:3      | XOM: noise
  2496 | D:3      | XOM: summons friendly crimson imp
  2503 | D:3      | Reached skill level 4 in Fighting
  2665 | D:3      | Noticed Natasha
  2690 | D:3      | Killed Natasha
  2810 | D:3      | Found a hide-covered altar of Uskayaw.
  2857 | D:3      | Reached skill level 6 in Long Blades
  2872 | D:3      | Found a bloodstained altar of Trog.
  3106 | D:3      | Found a hide-covered altar of Uskayaw.
  3148 | D:3      | Found a bloodstained altar of Trog.
  3217 | D:3      | Noticed Natasha
  3225 | D:3      | Killed Natasha
  3285 | D:3      | Noticed Natasha
  3305 | D:3      | Killed Natasha
  3306 | D:3      | Reached skill level 5 in Fighting
  3994 | D:3      | Your scales start taking on an icy white colour.
  3994 | D:3      | Reached XP level 7. HP: 46/61 MP: 7/7
  3994 | D:3      | Gained mutation: Your flesh is cold resistant. (rC+) [White
                  | Draconian growth]
  4308 | D:4      | Noticed Menkaure
  4367 | D:4      | Reached skill level 7 in Long Blades
  4495 | D:4      | Found an opulent altar of Gozag.
  4565 | D:4      | Found Gozag's Platinum Reserve.
  4617 | D:4      | Noticed a steam dragon
  4648 | D:4      | XOM: 5-stop teleportation journey
  4662 | D:5      | Entered Level 5 of the Dungeon
  4662 | D:5      | Noticed Duvessa
  4680 | D:4      | Killed Menkaure
  4721 | D:4      | XOM: enchant monster (bad)
  4722 | D:4      | XOM: summons 7 friendly demons
  5023 | D:4      | Reached skill level 8 in Long Blades
  5121 | D:4      | Found an ancient bone altar of Kikubaaqudgha.
  5167 | D:4      | XOM is BORED!
  5167 | D:4      | XOM: give mutations
  5167 | D:4      | Gained mutation: A frigid envelope surrounds you and
                  | freezes all who hurt you. [Xom's mischief]
  5167 | D:4      | Gained mutation: You are clumsy. (Dex -2) [Xom's mischief]
  5167 | D:4      | Gained mutation: You are very clumsy. (Dex -4) [Xom's
                  | mischief]
  5222 | D:4      | Identified the +10 trident "Gucs" {heavy, rPois rF+ Stlth-}
  5436 | D:4      | XOM: smoke on damage
  5437 | D:4      | Killed a steam dragon
  5438 | D:4      | Reached XP level 8. HP: 60/68 MP: 8/8
  5528 | D:5      | Identified the +0 ring mail of Meor {rElec Dex+2}
  5534 | D:5      | Noticed Dowan
  5656 | D:5      | Reached skill level 9 in Long Blades
  5779 | D:5      | XOM: cast spell 'Necromutation'
  5781 | D:5      | Killed Duvessa
  5783 | D:5      | Killed Dowan
  5850 | D:5      | XOM: noise
  5917 | D:5      | Got the Cyclopedia of the Remoulded Mob
  5926 | D:5      | XOM: cast spell 'Summon Small Mammal'
  5931 | D:5      | Reached skill level 10 in Long Blades
  5957 | D:5      | Noticed Blork the orc
  5969 | D:5      | Killed Blork the orc
  6189 | D:5      | Found a radiant altar of Vehumet.
  6189 | D:5      | Found a basalt altar of Yredelemnul.
  6194 | D:5      | Found a glowing golden altar of the Shining One.
  6347 | D:6      | XOM: blink monster(s)
  6350 | D:6      | Reached skill level 11 in Long Blades
  6385 | D:6      | XOM: 2-stop teleportation journey
  6411 | D:6      | Reached XP level 9. HP: 69/74 MP: 7/9
  6416 | D:6      | XOM: confusion (+ monsters)
  6763 | D:6      | Identified the +2 ring mail of Hangman {rElec Str-4 Int-3
                  | Slay+6}
  6790 | D:6      | XOM: stat loss: -1 Int (11/12)
  6915 | D:6      | XOM: noise
  7170 | D:7      | Found a staircase to the Ecumenical Temple.
  7263 | D:7      | Reached skill level 1 in Shields
  7280 | D:7      | Killed an unseen horror
  7281 | D:7      | Reached skill level 12 in Long Blades
  7281 | D:7      | Reached skill level 3 in Dodging
  7281 | D:7      | Reached skill level 2 in Shields
  7367 | D:7      | Found an iron altar of Okawaru.
  7382 | D:7      | XOM: potion effect (experience)
  7382 | D:7      | Reached skill level 12 in Fighting
  7382 | D:7      | Reached XP level 10. HP: 100/100 MP: 10/10
  7398 | D:7      | Noticed Pikel
  7398 | D:7      | XOM: 2-stop teleportation journey
  7433 | D:7      | XOM: potion effect (brilliance)
  7438 | D:7      | Killed Pikel
  7453 | D:7      | Found a sand-covered staircase.
  7460 | Ossuary  | Entered an ossuary
  7683 | D:7      | Found a runed translucent gate.
  7683 | D:7      | Found a runed translucent gate.
  7688 | D:7      | Noticed Zaque's ghost (novice DrCj)
  7703 | D:7      | Found a runed translucent gate.
  7933 | D:7      | Found a blossoming altar of Fedhas.
  8498 | D:8      | Reached skill level 3 in Shields
  8726 | D:8      | XOM: give mutations
  8726 | D:8      | Gained mutation: You expend magic power (3 MP) to
                  | strengthen your wands. [Xom's grace]
  8726 | D:8      | Gained mutation: You are strong-willed. (Will+) [Xom's
                  | grace]
  8726 | D:8      | Gained mutation: You are robust. (+10% HP) [Xom's grace]
  8726 | D:8      | Gained mutation: You have supernaturally acute eyesight.
                  | (SInv) [Xom's grace]
  8881 | D:8      | Reached skill level 4 in Dodging
  8926 | D:8      | Reached XP level 11. HP: 116/116 MP: 11/11
  8941 | D:8      | Reached skill level 1 in Evocations
  8954 | D:8      | Noticed Erica
  8958 | D:8      | Killed Erica
  9097 | D:8      | Noticed Maggie
  9258 | D:8      | XOM: scenery: create altars
  9262 | D:8      | Killed Maggie
  9263 | D:8      | Reached skill level 4 in Shields
  9263 | D:8      | Reached skill level 2 in Evocations
  9277 | D:8      | Found a staircase to the Lair.
  9327 | D:8      | XOM: scenery: create altars
  9614 | D:9      | Found a runed translucent gate.
  9615 | D:9      | Found a runed translucent gate.
  9616 | D:9      | Found a runed translucent gate.
  9727 | D:9      | XOM: cloud trail
  9809 | D:9      | XOM: 4-stop teleportation journey
  9821 | D:9      | XOM: divination: detect items
 10052 | D:9      | Found a sparkling altar of Nemelex Xobeh.
 10203 | D:9      | Reached skill level 1 in Transmutations
 10213 | D:9      | XOM: enchant monster (good)
 10261 | D:9      | XOM: polymorph slime creature -> hornet
 10264 | D:9      | Reached skill level 3 in Evocations
 10325 | D:9      | XOM: polymorph orc -> bat
 10421 | D:9      | XOM: give mutations
 10421 | D:9      | Lost mutation: You are very clumsy. (Dex -4) [Xom's grace]
 10421 | D:9      | Gained mutation: Your mind is acute. (Int +4, Str/Dex -1)
                  | [Xom's grace]
 10421 | D:9      | Gained mutation: You have a pair of small horns on your
                  | head. [Xom's grace]
 10421 | D:9      | Gained mutation: Your tail ends in a venomous barb. [Xom's
                  | grace]
 10668 | D:9      | Found a staircase to the Orcish Mines.
 10691 | D:9      | Reached skill level 2 in Transmutations
 10701 | D:9      | XOM: scenery: 1 doors close
 10831 | D:9      | Noticed Bruce1nR's ghost (novice HuCK)
 10834 | D:9      | XOM: summons 3 hostile demons
 10919 | Lair:1   | Entered Level 1 of the Lair of Beasts
 10956 | Lair:1   | Reached skill level 5 in Shields
 10995 | Lair:1   | XOM: blink monster(s)
 11048 | Lair:1   | Reached skill level 4 in Evocations
 11183 | Lair:1   | Found a sacrificial altar of Ru.
 11185 | Lair:1   | Noticed an oklob plant
 11186 | Lair:1   | Found a radiant altar of Vehumet.
 11186 | Lair:1   | XOM: 1-stop teleportation journey
 11296 | Lair:1   | Reached skill level 13 in Long Blades
 11296 | Lair:1   | Reached skill level 3 in Transmutations
 11303 | Lair:1   | XOM: give mutations
 11303 | Lair:1   | Gained mutation: You occasionally lose the ability to read
                  | scrolls when taking damage. [Xom's mischief]
 11303 | Lair:1   | Lost mutation: Your tail ends in a venomous barb. [Xom's
                  | mischief]
 11400 | Lair:1   | Identified the +5 spear of Ehithruic {freeze, rPois SInv}
 11914 | Lair:2   | XOM: swap monsters
 12041 | Lair:2   | Found a runed translucent gate.
 12041 | Lair:2   | Found a runed translucent gate.
 12041 | Lair:2   | Found a runed translucent gate.
 12045 | Lair:2   | Noticed a 12-headed hydra
 12045 | Lair:2   | Noticed Kuef's ghost (journeyman MiFi)
 12046 | Lair:2   | Noticed a 12-headed hydra
 12072 | Lair:2   | XOM: divination: detect items
 12076 | Lair:2   | XOM: divination: detect items
 12206 | Lair:2   | XOM: noise
 12209 | Lair:2   | XOM: divination: detect creatures
 12213 | Lair:2   | XOM: divination: detect creatures
 12224 | Lair:2   | Reached skill level 4 in Transmutations
 12362 | Lair:2   | XOM: give mutations
 12362 | Lair:2   | Lost mutation: You are robust. (+10% HP) [Xom's mischief]
 12362 | Lair:2   | Lost mutation: You are clumsy. (Dex -2) [Xom's mischief]
 12362 | Lair:2   | Gained mutation: You are frail. (-10% HP) [Xom's mischief]
 12362 | Lair:2   | Lost mutation: You are strong-willed. (Will+) [Xom's
                  | mischief]
 12394 | Lair:2   | Noticed a death yak
 12395 | Lair:2   | Noticed a death yak
 12411 | Lair:2   | Noticed a death yak
 12416 | Lair:2   | a death yak changed into a shapeshifter
 12416 | Lair:2   | XOM: polymorph death yak -> shapeshifter
 12419 | Lair:2   | XOM: fog
 12426 | Lair:2   | XOM: enchant monster (good)
 12439 | Lair:1   | Killed a death yak
 12475 | Lair:1   | XOM: divination: magic mapping
 12670 | Lair:1   | Killed a death yak
 12671 | Lair:1   | Reached XP level 12. HP: 76/101 MP: 8/12
 12744 | Lair:2   | Reached skill level 5 in Transmutations
 12968 | Lair:2   | Reached skill level 6 in Transmutations
 12980 | Lair:2   | XOM: 3-stop teleportation journey
 12998 | Lair:2   | XOM is BORED!
 12998 | Lair:2   | XOM: give mutations
 12998 | Lair:2   | Lost mutation: You have a pair of small horns on your head.
                  | [Xom's mischief]
 12998 | Lair:2   | Gained mutation: You are clumsy. (Dex -2) [Xom's mischief]
 13121 | Lair:2   | XOM: silly message
 13434 | Lair:3   | XOM: cast spell 'Leda's Liquefaction'
 13440 | Lair:3   | XOM: polymorph cane toad -> rime drake
 13446 | Lair:3   | Reached skill level 14 in Long Blades
 13472 | Lair:3   | XOM: god gift: 15 gold pieces
 13549 | Lair:3   | XOM: cleaving
 13564 | Lair:3   | XOM: cast spell 'Metabolic Englaciation'
 13571 | Lair:3   | XOM: cast spell 'Metabolic Englaciation'
 13573 | Lair:3   | XOM: cleaving
 13582 | Lair:3   | Reached skill level 7 in Transmutations
 13607 | Lair:3   | Noticed Fannar
 13631 | Lair:3   | XOM: enchant monster (good)
 13648 | Lair:3   | Killed Fannar
 13780 | Lair:3   | XOM: scenery: summon butterflies
 13837 | Lair:3   | Noticed a death yak
 13837 | Lair:3   | Noticed a death yak
 13837 | Lair:3   | Noticed a death yak
 13843 | Lair:3   | a death yak changed into a storm dragon
 13843 | Lair:3   | Noticed a storm dragon
 13843 | Lair:3   | XOM: polymorph death yak -> storm dragon
 13908 | Lair:3   | Reached skill level 8 in Transmutations
 13914 | Lair:3   | XOM: divination: detect items
 13924 | Lair:3   | XOM: cleaving
 13932 | Lair:3   | Reached skill level 9 in Transmutations
 14006 | Lair:3   | Found a staircase to the Swamp.
 14020 | Lair:3   | XOM: divine lightning
 14192 | Lair:3   | XOM: divination: magic mapping
 14214 | Lair:3   | Reached skill level 10 in Transmutations
 14216 | Lair:3   | XOM: enchant monster (bad)
 14398 | Lair:4   | Noticed a catoblepas
 14449 | Lair:4   | XOM: silly message
 14462 | Lair:4   | XOM: cast spell 'Summon Ice Beast'
 14467 | Lair:4   | XOM: noise
 14469 | Lair:4   | XOM: confuse monster(s)
 14482 | Lair:4   | XOM: potion effect (brilliance)
 14483 | Lair:4   | Reached skill level 1 in Conjurations
 14485 | Lair:4   | XOM: divine lightning
 14486 | Lair:4   | Killed a catoblepas
 14494 | Lair:4   | Reached skill level 1 in Spellcasting
 14500 | Lair:4   | Noticed a four-headed hydra
 14512 | Lair:4   | Killed a one-headed hydra
 14550 | Lair:4   | Learned a level 5 spell: Irradiate
 14557 | Lair:4   | Learned a level 6 spell: Statue Form
 14560 | Lair:4   | Learned a level 2 spell: Passwall
 14594 | Lair:4   | Noticed a catoblepas
 14623 | Lair:4   | Killed a catoblepas
 14624 | Lair:4   | Reached skill level 2 in Conjurations
 14699 | Lair:4   | Reached XP level 13. HP: 107/107 MP: 15/15
 14704 | Lair:4   | XOM: summons 7 hostile demons
 14818 | Lair:4   | Reached skill level 2 in Spellcasting
 14824 | Lair:4   | XOM: chaos cloud
 14825 | Lair:4   | XOM: polymorph rime drake -> polar bear
 15134 | Lair:4   | XOM: give mutations
 15134 | Lair:4   | Gained mutation: You occasionally shout uncontrollably at
                  | your foes. [Xom's mischief]
 15134 | Lair:4   | Lost mutation: Your mind is acute. (Int +4, Str/Dex -1)
                  | [Xom's mischief]
 15134 | Lair:4   | Gained mutation: You have a pair of small horns on your
                  | head. [Xom's mischief]
 15280 | Lair:5   | Entered Level 5 of the Lair of Beasts
 15287 | Lair:5   | XOM: 2-stop teleportation journey
 15319 | Lair:5   | Found a staircase to the Slime Pits.
 15319 | Lair:5   | XOM: 6-stop teleportation journey
 15324 | Lair:5   | XOM: divination: detect items
 15334 | Lair:5   | XOM: summons friendly soul eater
 15339 | Lair:5   | Reached skill level 3 in Conjurations
 15342 | Lair:5   | Reached skill level 6 in Shields
 15360 | Lair:5   | Reached skill level 3 in Spellcasting
 15367 | Lair:5   | XOM: summons 5 friendly demons
 15394 | Lair:4   | XOM: divination: magic mapping
 15588 | Lair:4   | XOM: summons friendly iron imp
 15667 | Lair:5   | XOM: cast spell 'Olgreb's Toxic Radiance'
 15708 | Lair:5   | Lost mutation: You have a pair of small horns on your head.
                  | [potion of mutation]
 15708 | Lair:5   | Lost mutation: You occasionally shout uncontrollably at
                  | your foes. [potion of mutation]
 15708 | Lair:5   | Lost mutation: You expend magic power (3 MP) to strengthen
                  | your wands. [potion of mutation]
 15708 | Lair:5   | Gained mutation: You possess an exceptional clarity of
                  | mind. [potion of mutation]
 15708 | Lair:5   | Gained mutation: You are weak. (Str -2) [potion of
                  | mutation]
 15709 | Lair:5   | Lost mutation: You have supernaturally acute eyesight.
                  | (SInv) [potion of mutation]
 15709 | Lair:5   | Lost mutation: A frigid envelope surrounds you and freezes
                  | all who hurt you. [potion of mutation]
 15709 | Lair:5   | Lost mutation: You occasionally lose the ability to read
                  | scrolls when taking damage. [potion of mutation]
 15710 | Lair:5   | Lost mutation: You possess an exceptional clarity of mind.
                  | [potion of mutation]
 15710 | Lair:5   | Lost mutation: You are weak. (Str -2) [potion of mutation]
 15710 | Lair:5   | Lost mutation: You are clumsy. (Dex -2) [potion of
                  | mutation]
 15710 | Lair:5   | Gained mutation: Your flesh is very cold resistant. (rC++)
                  | [potion of mutation]
 15710 | Lair:5   | Gained mutation: You are weak. (Str -2) [potion of
                  | mutation]
 15711 | Lair:5   | Lost mutation: Your flesh is very cold resistant. (rC++)
                  | [potion of mutation]
 15711 | Lair:5   | Lost mutation: You are frail. (-10% HP) [potion of
                  | mutation]
 15711 | Lair:5   | Gained mutation: You have a pair of small horns on your
                  | head. [potion of mutation]
 15817 | Lair:5   | XOM: give mutation
 15817 | Lair:5   | Gained mutation: You occasionally shout uncontrollably at
                  | your foes. [Xom's mischief]
 15820 | Lair:5   | Reached skill level 4 in Conjurations
 15877 | Lair:5   | Noticed an azure jelly
 15880 | Lair:5   | XOM: potion effect (curing)
 15888 | Lair:5   | XOM: scenery: create altars
 15890 | Lair:5   | Killed an azure jelly
 15911 | Lair:5   | XOM: polymorph enormous slime creature -> shapeshifter
 15923 | Lair:5   | XOM: divine lightning
 15940 | Lair:5   | XOM: cast spell 'Leda's Liquefaction'
 15947 | Lair:4   | Reached skill level 4 in Spellcasting
 16148 | Lair:5   | XOM: enchant monster (good)
 16150 | Lair:5   | XOM: enchant monster (good)
 16164 | Lair:5   | Reached skill level 7 in Shields
 16225 | Lair:5   | XOM: silly message
 16382 | Lair:5   | XOM: noise
 16541 | Lair:5   | XOM: confuse monster(s)
 16679 | Lair:5   | XOM: confuse monster(s)
 16688 | Lair:5   | Reached skill level 5 in Conjurations
 16692 | Lair:5   | XOM: confuse monster(s)
 16781 | Lair:5   | XOM: 3-stop teleportation journey
 16843 | Lair:5   | XOM: smoke on damage
 16845 | Lair:5   | XOM: destruction
 16855 | Lair:5   | XOM: polymorph elephant -> guardian serpent
 16860 | Lair:5   | XOM: divination: detect items
 17169 | Lair:5   | XOM: fake destruction
 17174 | Lair:5   | XOM: polymorph catoblepas -> six-headed hydra
 17177 | Lair:5   | Reached skill level 5 in Spellcasting
 17420 | Lair:5   | Found a viscous altar of Jiyva.
 17436 | Lair:5   | XOM: cleaving
 17439 | Lair:5   | XOM: scenery: create altars
 17458 | Lair:5   | Reached skill level 6 in Conjurations
 17710 | Lair:5   | XOM: summons 13 friendly demons
 17715 | Lair:5   | Reached skill level 8 in Shields
 17904 | Lair:3   | XOM: polymorph scorpion -> bullfrog
 17915 | Lair:4   | XOM: smoke on damage
 18056 | Lair:3   | Identified the +3 war axe "Obim" {flame, rCorr Str+4}
 18078 | Lair:3   | XOM: polymorph oklob plant -> wandering mushroom
 18088 | Lair:3   | XOM: fog
 18255 | D:10     | Entered Level 10 of the Dungeon
 18280 | D:10     | XOM: god gift: 2 potions of berserk rage
 18381 | D:10     | Found a sacrificial altar of Ru.
 18466 | D:10     | XOM: god gift: copper ring {god gift}
 18547 | D:10     | XOM: cleaving
 18639 | D:10     | XOM: god gift: 20 gold pieces
 18680 | D:10     | Reached skill level 7 in Conjurations
 18737 | D:10     | Found a white marble altar of Elyvilon.
 18782 | D:10     | XOM: 1-stop teleportation journey
 18840 | D:10     | XOM: summons 1 hostile demon
 18974 | D:10     | Found a snail-covered altar of Cheibriados.
 19011 | D:10     | XOM: give mutations
 19011 | D:10     | Gained mutation: You have large cloven feet. [Xom's grace]
 19011 | D:10     | Gained mutation: You are robust. (+10% HP) [Xom's grace]
 19011 | D:10     | Gained mutation: You passively dampen the noise of your
                  | surroundings. [Xom's grace]
 19011 | D:10     | Gained mutation: You are strong-willed. (Will+) [Xom's
                  | grace]
 19095 | D:10     | XOM: scenery: create altars
 19114 | D:10     | Found a shadowy altar of Dithmenos.
 19201 | D:10     | XOM: cast spell 'Olgreb's Toxic Radiance'
 19203 | D:10     | Reached XP level 14. HP: 139/139 MP: 21/21
 19205 | D:10     | Found Buppoce's Magic Scroll Boutique.
 19276 | D:10     | XOM: cloud trail
 19339 | D:10     | XOM: summons 2 hostile shadow creatures
 19703 | D:10     | XOM: cloud trail
 20110 | D:11     | Noticed Amaemon
 20141 | D:11     | Found a gate leading to a gauntlet.
 20145 | Gauntlet | Entered a Gauntlet
 20145 | Gauntlet | Found a transporter.
 20145 | Gauntlet | Found a transporter.
 20153 | Gauntlet | Found a transporter.
 20153 | Gauntlet | Found a transporter.
 20162 | Gauntlet | Found a transporter.
 20181 | Gauntlet | Found a transporter.
 20191 | Gauntlet | Found a transporter.
 20191 | Gauntlet | Found a transporter.
 20194 | Gauntlet | Found a transporter.
 20221 | Gauntlet | Found a transporter.
 20228 | Gauntlet | Found a transporter.
 20246 | Gauntlet | Found a transporter.
 20292 | Gauntlet | Found a transporter.
 20308 | Gauntlet | Found a transporter.
 20409 | Gauntlet | Found a transporter.
 20423 | Gauntlet | Found a transporter.
 20847 | Gauntlet | Reached skill level 1 in Earth Magic
 20932 | Gauntlet | Reached skill level 2 in Earth Magic
 21028 | Gauntlet | Identified the +4 chain mail "Ugreq" {rC+ Str+7}
 21046 | Gauntlet | Reached skill level 3 in Earth Magic
 21055 | Gauntlet | XOM: god gift: 31 gold pieces
 21068 | Gauntlet | Got Hafueheil's Tractate on Amalgamated Charms
 21070 | Gauntlet | Identified the +3 ring mail of Makhleb's Condemnation
                  | {rPois rF+ Stlth+}
 21071 | Gauntlet | Got the Folio of Oozing Pus
 21158 | D:11     | Killed Amaemon
 21159 | D:11     | Reached skill level 4 in Earth Magic
 21343 | D:11     | Found Gyjic's General Store.
 21353 | D:11     | XOM: silly message
 21488 | D:11     | Learned a level 1 spell: Apportation
 21492 | D:11     | Learned a level 3 spell: Mephitic Cloud
 21656 | D:11     | Noticed Maurice
 21666 | D:11     | Killed Maurice
 21717 | D:11     | Reached skill level 5 in Earth Magic
 21840 | D:11     | XOM: noise
 21949 | D:11     | XOM: potion effect (haste)
 22065 | D:11     | Reached skill level 6 in Earth Magic
 22269 | D:11     | XOM: silly message
 22520 | Orc:1    | Entered Level 1 of the Orcish Mines
 22586 | Orc:2    | Entered Level 2 of the Orcish Mines
 22586 | Orc:2    | Found a staircase to the Elven Halls.
 22686 | Orc:2    | Noticed Donald
 22699 | Orc:2    | XOM: divination: magic mapping
 22702 | Orc:2    | XOM: divination: detect creatures
 22707 | Orc:2    | Killed Donald
 22760 | Orc:2    | Reached skill level 7 in Earth Magic
 22844 | Orc:2    | XOM: cloud trail
 22865 | Orc:2    | XOM: silly message
 22971 | Orc:2    | Found a frozen archway.
 22987 | Orc:2    | XOM: silly message
 23009 | Orc:2    | XOM: summons 1 friendly demon
 23012 | Orc:2    | XOM: confusion
 23018 | Orc:2    | XOM: 1-stop teleportation journey
 23109 | IceCv    | Entered an ice cave
 23294 | IceCv    | XOM: 1-stop teleportation journey
 23481 | IceCv    | Reached skill level 8 in Earth Magic
 23632 | IceCv    | XOM: smoke on damage
 23635 | IceCv    | XOM: polymorph white draconian -> dire elephant
 23711 | IceCv    | XOM: god gift: +0 great sword of flaming
 23823 | IceCv    | XOM: scenery: summon butterflies
 23866 | IceCv    | XOM: scenery: create altars
 23895 | IceCv    | XOM: scenery: summon butterflies
 23968 | Orc:2    | XOM: divination: magic mapping
 24019 | Orc:2    | XOM: silly message
 24411 | Orc:2    | XOM: give mutations
 24411 | Orc:2    | Lost mutation: You passively dampen the noise of your
                  | surroundings. [Xom's mischief]
 24411 | Orc:2    | Gained mutation: You are very weak. (Str -4) [Xom's
                  | mischief]
 24411 | Orc:2    | Gained mutation: You are clumsy. (Dex -2) [Xom's mischief]
 24425 | Orc:2    | Found Veschino's Assorted Antiques.
 24425 | Orc:2    | Found Ejit's Assorted Antiques.
 24431 | Orc:2    | XOM: scenery: summon butterflies
 24432 | Orc:2    | Reached skill level 9 in Earth Magic
 24435 | Orc:2    | Reached skill level 10 in Earth Magic
 24435 | Orc:2    | Found Tycayr Fuaqe's Antique Armour Shop.
 24435 | Orc:2    | Found Koyduc's General Store.
 24447 | Orc:2    | Reached skill level 11 in Transmutations
 24477 | Orc:2    | Bought a potion of heal wounds for 110 gold pieces
 24478 | Orc:2    | Bought a scroll of fear for 104 gold pieces
 24478 | Orc:2    | Bought a scroll of immolation for 104 gold pieces
 24479 | Orc:2    | Bought 4 curare-tipped darts for 76 gold pieces
 24479 | Orc:2    | Bought a wand of digging (2) for 134 gold pieces
 24597 | Orc:1    | Reached XP level 15. HP: 147/147 MP: 23/23
 24683 | Orc:1    | XOM: summons 9 friendly demons
 24690 | Orc:1    | Reached skill level 6 in Spellcasting
 24975 | Orc:1    | XOM: god gift: scroll of noise
 25007 | Orc:1    | XOM: god gift: potion of curing
 25065 | Orc:1    | Found Voodiboosu's Weapon Shop.
 25074 | Orc:1    | Bought the +8 Vampire's Tooth {megavamp} for 720 gold
                  | pieces
 25074 | Orc:1    | Found the +8 Vampire's Tooth {megavamp}
 25224 | D:10     | XOM: give mutations
 25224 | D:10     | Gained mutation: You expend magic power (3 MP) to
                  | strengthen your wands. [Xom's grace]
 25224 | D:10     | Lost mutation: You are very weak. (Str -4) [Xom's grace]
 25388 | D:12     | XOM: summons friendly shadow imp
 25560 | D:12     | XOM: confusion (+ monsters)
 25563 | D:12     | XOM: cast spell 'Call Canine Familiar'
 25784 | D:12     | XOM: 1-stop teleportation journey
 25810 | D:12     | Reached skill level 7 in Spellcasting
 25831 | D:12     | XOM: smoke on damage
 25847 | D:12     | XOM: cleaving
 25857 | D:12     | XOM: stat loss: -1 Dex (12/13)
 25858 | D:12     | XOM: summons 4 friendly demons
 25948 | D:12     | Reached skill level 12 in Transmutations
 26703 | D:7      | Killed Zaque's ghost
 26839 | Lair:2   | XOM: potion effect (might)
 26844 | Lair:2   | Reached skill level 8 in Spellcasting
 26844 | Lair:2   | XOM: smoke on damage
 26848 | Lair:2   | XOM: noise
 26857 | Lair:2   | Killed Kuef's ghost
 26864 | Lair:2   | Identified the ring of Xom's Attic {Drain Fly Str+2 Dex+4
                  | SInv}
 26952 | Lair:3   | XOM: fog
 26980 | Lair:3   | Reached skill level 5 in Dodging
 27075 | Lair:3   | XOM: divine lightning
 27079 | Lair:3   | Found a hole to the Spider Nest.
 27138 | Lair:3   | XOM: scenery: create altars
 27228 | Lair:3   | XOM: confuse monster(s)
 27267 | Lair:3   | XOM: god gift: 31 gold pieces
 27471 | Lair:3   | XOM: summons friendly iron imp
 27478 | Lair:3   | XOM: summons 7 friendly demons
 27483 | Lair:3   | Reached skill level 9 in Shields
 27488 | Lair:3   | Killed a storm dragon
 27858 | Lair:5   | Reached skill level 6 in Dodging
 28176 | D:13     | XOM: potion effect (brilliance)
 28180 | D:13     | XOM: cast spell 'Disjunction'
 28188 | D:13     | XOM: potion effect (might)
 28368 | D:13     | Reached skill level 13 in Transmutations
 28556 | D:13     | Reached skill level 13 in Fighting
 28709 | D:13     | XOM: god gift: book of Spectacle
 28714 | D:13     | Reached skill level 5 in Evocations
 28805 | D:13     | XOM: polymorph six-headed hydra -> ghost moth
 29270 | D:14     | XOM: summons friendly quasit
 29335 | D:14     | XOM: scenery: create altars
 29339 | D:14     | XOM: summons friendly quasit
 29340 | D:14     | XOM: blink monster(s)
 29346 | D:14     | XOM: scenery: 1 doors open
 29359 | D:14     | Reached skill level 6 in Evocations
 29510 | D:14     | XOM: confusion
 29580 | D:14     | Noticed Josephine
 29592 | D:14     | XOM: noise
 29593 | D:14     | XOM: summons friendly white imp
 29602 | D:14     | Killed Josephine
 29623 | D:14     | Reached XP level 16. HP: 153/153 MP: 18/28
 29624 | D:14     | XOM: 1-stop teleportation journey
 29678 | D:14     | Noticed Frances
 29678 | D:14     | Noticed Nessos
 29687 | D:14     | XOM: enchant monster (bad)
 29692 | D:14     | Killed Frances
 29693 | D:14     | Reached skill level 7 in Evocations
 29754 | D:14     | Nessos changed into Nessos the swamp dragon
 29754 | D:14     | Noticed Nessos
 29754 | D:14     | XOM: swap monsters
 29769 | D:14     | XOM: enchant monster (bad)
 29770 | D:14     | Gained mutation: You are very clumsy. (Dex -4) [mutagenic
                  | glow]
 29782 | D:14     | Noticed Azrael
 29830 | D:14     | Gained mutation: Your magical capacity is low. (-10% MP)
                  | [mutagenic glow]
 29884 | D:14     | Found Teank's Distillery.
 29884 | D:14     | XOM: 3-stop teleportation journey
 30060 | D:14     | XOM: blink monster(s)
 30062 | D:14     | Killed Azrael
 30168 | D:14     | XOM: 2-stop teleportation journey
 30207 | D:14     | Reached skill level 8 in Evocations
 30328 | D:14     | XOM: cleaving
 30499 | D:14     | XOM: silly message
 30575 | D:14     | Found a gate to the Vaults.
 30732 | D:14     | XOM: silly message
 30809 | D:15     | Entered Level 15 of the Dungeon
 30886 | D:15     | XOM: silly message
 30926 | D:15     | XOM: swap monsters
 31465 | D:15     | XOM: 9-stop teleportation journey
 31747 | D:15     | XOM: blink monster(s)
 31879 | D:15     | Found a staircase to the Depths.
 32126 | D:15     | XOM: summons 4 friendly demons
 32195 | D:15     | XOM: god gift: robe {god gift}
 32355 | D:15     | XOM: silly message
 32455 | D:15     | XOM: god gift: wand of quicksilver (5)
 32582 | D:15     | XOM: cloud trail
 32616 | D:15     | XOM: torment (91/158 hp)
 32847 | Spider:1 | Entered Level 1 of the Spider Nest
 32851 | Spider:1 | XOM: god gift: 7 stones
 32854 | Spider:1 | XOM: polymorph demonic crawler -> efreet
 32947 | Spider:1 | XOM: summons friendly white imp
 32987 | Spider:1 | XOM: silly message
 33052 | Spider:1 | XOM: polymorph white imp -> quasit
 33076 | Spider:1 | XOM: fake destruction
 33088 | Spider:1 | XOM: summons 2 hostile shadow creatures
 33101 | Spider:1 | XOM: potion effect (brilliance)
 33435 | Spider:1 | XOM: confuse monster(s)
 33445 | Spider:1 | XOM: potion effect (magic)
 33630 | Spider:1 | XOM: silly message
 33879 | Spider:1 | XOM: give mutation
 33879 | Spider:1 | Lost mutation: You are weak. (Str -2) [Xom's mischief]
 33943 | Spider:1 | XOM: chaos cloud
 34449 | Spider:1 | XOM: silly message
 34490 | Spider:1 | XOM: chaos cloud
 34515 | Spider:1 | Reached skill level 10 in Shields
 34669 | Spider:2 | Reached skill level 9 in Spellcasting
 34794 | Spider:2 | XOM: give mutations
 34794 | Spider:2 | Lost mutation: You are robust. (+10% HP) [Xom's mischief]
 34794 | Spider:2 | Gained mutation: Your body sometimes deteriorates upon
                  | taking damage. [Xom's mischief]
 34794 | Spider:2 | Lost mutation: You are very clumsy. (Dex -4) [Xom's
                  | mischief]
 34794 | Spider:2 | Lost mutation: You expend magic power (3 MP) to strengthen
                  | your wands. [Xom's mischief]
 34813 | Spider:2 | Reached skill level 11 in Earth Magic
 34896 | Spider:2 | Reached skill level 14 in Fighting
 34996 | Spider:2 | You fall into a shaft and drop 1 floor!
 35013 | Spider:3 | XOM: polymorph boulder beetle -> six-headed hydra
 35053 | Spider:3 | XOM: noise
 35055 | Spider:3 | Noticed Bai Suzhen
 35073 | Spider:3 | Killed Bai Suzhen
 35180 | Spider:3 | XOM: swap monsters
 35303 | Spider:3 | XOM: 1-stop teleportation journey
 35307 | Spider:3 | XOM: polymorph tarantella -> dream sheep
 35356 | Spider:3 | Reached skill level 10 in Spellcasting
 35505 | Spider:3 | XOM: 1-stop teleportation journey
 35512 | Spider:3 | Reached XP level 17. HP: 154/154 MP: 10/27
 35523 | Spider:3 | XOM: cast spell 'Cause Fear'
 35548 | Spider:2 | XOM: noise
 35730 | Spider:2 | XOM: divination: detect creatures
 35731 | Spider:2 | XOM: summons 12 friendly demons
 35969 | Spider:2 | Reached skill level 15 in Fighting
 36438 | Spider:3 | XOM: confuse monster(s)
 36439 | Spider:3 | Reached skill level 7 in Dodging
 36440 | Spider:3 | XOM: potion effect (magic)
 36451 | Spider:3 | XOM: silly message
 36479 | Spider:3 | XOM: divination: detect items
 36527 | Spider:3 | Identified the +7 chain mail of Perfidy {rF+ Dex+4}
 36824 | Spider:4 | Entered Level 4 of the Spider Nest
 36869 | Spider:3 | XOM: divination: magic mapping
 36981 | Spider:4 | Reached skill level 11 in Shields
 37094 | Spider:4 | XOM: divination: detect items
 37096 | Spider:4 | XOM: divination: magic mapping
 37097 | Spider:4 | Noticed Mara
 37112 | Spider:4 | XOM: potion effect (might)
 37113 | Spider:4 | Noticed EnegeticOcto's illusion
 37114 | Spider:4 | XOM: divination: detect creatures
 37314 | Spider:4 | Noticed EnegeticOcto's illusion
 37494 | Spider:4 | XOM: potion effect (invisibility)
 37501 | Spider:4 | Noticed EnegeticOcto's illusion
 37503 | Spider:4 | Killed Mara
 37504 | Spider:4 | Reached skill level 8 in Dodging
 38230 | Spider:4 | XOM: potion effect (haste)
 38270 | Spider:4 | XOM: potion effect (magic)
 38332 | Spider:4 | XOM: give mutations
 38332 | Spider:4 | Lost mutation: Your magical capacity is low. (-10% MP)
                  | [Xom's mischief]
 38332 | Spider:4 | Gained mutation: Your body often deteriorates upon taking
                  | damage. [Xom's mischief]
 38462 | Spider:4 | XOM: give mutations
 38462 | Spider:4 | Lost mutation: You have large cloven feet. [Xom's mischief]
 38462 | Spider:4 | Gained mutation: You are very clumsy. (Dex -4) [Xom's
                  | mischief]
 38462 | Spider:4 | Gained mutation: You are weak. (Str -2) [Xom's mischief]
 38462 | Spider:4 | Lost mutation: You occasionally shout uncontrollably at
                  | your foes. [Xom's mischief]
 38599 | Spider:4 | XOM: give mutations
 38599 | Spider:4 | Lost mutation: Your body often deteriorates upon taking
                  | damage. [Xom's mischief]
 38599 | Spider:4 | Gained mutation: You occasionally shout uncontrollably at
                  | your foes. [Xom's mischief]
 38604 | Spider:4 | Reached skill level 12 in Shields
 38720 | Spider:4 | XOM: fog
 38725 | Spider:4 | Reached skill level 9 in Dodging
 38960 | Spider:4 | XOM: swap monsters
 38962 | Spider:4 | XOM: enchant monster (bad)
 39126 | Spider:4 | XOM: give mutations
 39126 | Spider:4 | Gained mutation: You occasionally lose the ability to read
                  | scrolls when taking damage. [Xom's mischief]
 39126 | Spider:4 | Gained mutation: You occasionally lose the ability to drink
                  | potions when taking damage. [Xom's mischief]
 39126 | Spider:4 | Gained mutation: You have hidden genetic defects. [Xom's
                  | mischief]
 39126 | Spider:4 | Gained mutation: You are frail. (-10% HP) [Xom's mischief]
 39260 | Spider:4 | Got a gossamer rune of Zot
 39470 | Swamp:1  | Entered Level 1 of the Swamp
 39528 | Swamp:1  | XOM: polymorph swamp worm -> shapeshifter
 39661 | Swamp:1  | XOM: confusion
 39670 | Swamp:1  | XOM: divination: magic mapping
 39760 | Swamp:1  | Reached skill level 13 in Shields
 39764 | Swamp:1  | Reached skill level 10 in Dodging
 39764 | Swamp:1  | Reached XP level 18. HP: 146/146 MP: 14/32
 39860 | Swamp:1  | XOM: scenery: summon butterflies
 39972 | Swamp:1  | XOM: summons friendly iron imp
 39976 | Swamp:1  | XOM: enchant monster (good)
 40257 | Swamp:1  | Identified the amulet "Kafiref" {RegenMP rCorr Int+3}
 40265 | Swamp:1  | Gained mutation: Your magical capacity is low. (-10% MP)
                  | [hidden defects]
 40524 | Swamp:2  | XOM: potion effect (curing)
 40535 | Swamp:2  | Reached skill level 14 in Shields
 40667 | Swamp:2  | XOM: 1-stop teleportation journey
 40864 | Swamp:2  | XOM: enchant monster (good)
 40873 | Swamp:2  | XOM: polymorph alligator -> ettin
 41074 | Swamp:2  | XOM: potion effect (experience)
 41074 | Swamp:2  | Reached skill level 16 in Fighting
 41074 | Swamp:2  | Reached XP level 19. HP: 154/154 MP: 29/29
 41193 | Swamp:2  | Gained mutation: You sometimes lose your temper in combat.
                  | [hidden defects]
 41193 | Swamp:2  | Lost mutation: You have hidden genetic defects. [hidden
                  | defects expressed]
 41215 | Swamp:2  | Lost mutation: You occasionally shout uncontrollably at
                  | your foes. [potion of mutation]
 41215 | Swamp:2  | Lost mutation: You are strong-willed. (Will+) [potion of
                  | mutation]
 41215 | Swamp:2  | Lost mutation: You are weak. (Str -2) [potion of mutation]
 41215 | Swamp:2  | Lost mutation: Your body sometimes deteriorates upon taking
                  | damage. [potion of mutation]
 41215 | Swamp:2  | Gained mutation: You have a somewhat thin skeletal
                  | structure. (Dex +2, Stealth+) [potion of mutation]
 41216 | Swamp:2  | Lost mutation: You are frail. (-10% HP) [potion of
                  | mutation]
 41216 | Swamp:2  | Lost mutation: You occasionally lose the ability to drink
                  | potions when taking damage. [potion of mutation]
 41216 | Swamp:2  | Gained mutation: You have sharp fingernails. [potion of
                  | mutation]
 41216 | Swamp:2  | Gained mutation: You have large cloven feet. [potion of
                  | mutation]
 41385 | Swamp:2  | XOM: cloud trail
 41733 | Swamp:3  | XOM: potion effect (heal wounds)
 42007 | Swamp:3  | XOM: silly message
 42271 | Swamp:3  | XOM: enchant monster (good)
 42457 | Swamp:4  | Entered Level 4 of the Swamp
 42734 | Swamp:4  | XOM: god gift: scroll of fog
 42906 | Swamp:4  | XOM: divination: detect creatures
 42917 | Swamp:4  | Reached skill level 12 in Earth Magic
 43045 | Swamp:4  | Noticed the 27-headed Lernaean hydra
 43048 | Swamp:4  | XOM: potion effect (might)
 43049 | Swamp:4  | Killed the 27-headed Lernaean hydra
 43052 | Swamp:4  | Reached skill level 15 in Shields
 43059 | Swamp:4  | Reached skill level 17 in Fighting
 43157 | Swamp:4  | XOM: 4-stop teleportation journey
 43184 | Swamp:4  | XOM: summons friendly crimson imp
 43458 | Swamp:4  | Got a decaying rune of Zot
 43757 | Swamp:4  | XOM: cast spell 'Summon Small Mammal'
 44159 | Elf:1    | Entered Level 1 of the Elven Halls
 44170 | Elf:1    | XOM: divination: detect items
 44171 | Elf:1    | XOM: divination: magic mapping
 44247 | Orc:2    | Bought a potion of mutation for 176 gold pieces
 44247 | Orc:2    | Lost mutation: You are very clumsy. (Dex -4) [potion of
                  | mutation]
 44247 | Orc:2    | Lost mutation: You are clumsy. (Dex -2) [potion of
                  | mutation]
 44247 | Orc:2    | Gained mutation: You are agile. (Dex +4, Str/Int -1)
                  | [potion of mutation]
 44291 | Elf:1    | XOM: 3-stop teleportation journey
 44293 | Elf:1    | XOM: smoke on damage
 44360 | Elf:1    | Found Fecloje's Weapon Boutique.
 44446 | Elf:1    | Reached XP level 20. HP: 185/185 MP: 24/30
 44451 | Elf:1    | XOM: enchant monster (bad)
 44472 | Elf:1    | XOM: summons 2 friendly demons
 44499 | Elf:1    | XOM: cast spell 'Summon Ice Beast'
 44502 | Elf:1    | XOM: confuse monster(s)
 44512 | Elf:1    | Reached skill level 16 in Shields
 44530 | Elf:1    | Reached skill level 18 in Fighting
 45054 | Elf:1    | XOM: cleaving
 45057 | Elf:1    | XOM: confuse monster(s)
 45148 | Elf:1    | Paralysed by an air elemental for 1 turns
 45339 | Elf:1    | XOM: divination: detect items
 45548 | Elf:2    | XOM: summons friendly iron imp
 45577 | Elf:2    | Paralysed by an air elemental for 1 turns
 45577 | Abyss:3  | Found a corrupted altar of Lugonu.
 45577 | Abyss:3  | Cast into level 3 of the Abyss (a deep elf demonologist)
 45581 | Abyss:3  | XOM: divination: detect creatures
 45679 | Abyss:3  | XOM: confuse monster(s)
 45682 | Abyss:3  | Paralysed by accursed screaming for 2 turns
 45685 | Abyss:3  | Reached skill level 17 in Shields
 45685 | Abyss:3  | XOM: enchant monster (good)
 45685 | Abyss:3  | Noticed a pearl dragon
 45688 | Abyss:3  | XOM: confuse monster(s)
 45747 | Abyss:3  | XOM: confuse monster(s)
 45755 | Abyss:3  | XOM: cast spell 'Disjunction'
 45794 | Abyss:3  | XOM: scenery: summon butterflies
 45796 | Abyss:3  | XOM: summons friendly ufetubus
 45806 | Abyss:3  | XOM: potion effect (haste)
 45817 | Abyss:3  | XOM: silly message
 45897 | Elf:2    | Escaped the Abyss
 45900 | Elf:2    | XOM: potion effect (haste)
 45901 | Elf:2    | Paralysed by an air elemental for 1 turns
 45905 | Elf:2    | Paralysed by an air elemental for 1 turns
 45973 | Elf:2    | XOM: divination: detect creatures
 46213 | Elf:2    | XOM: potion effect (haste)
 46215 | Elf:2    | XOM: potion effect (haste)
 46225 | Elf:2    | XOM: potion effect (brilliance)
 46231 | Elf:2    | Found Wuoff's Weapon Shoppe.
 46248 | Elf:2    | Reached skill level 18 in Shields
 46368 | Elf:2    | Found a runed translucent gate.
 46368 | Elf:2    | Found a runed translucent gate.
 46369 | Elf:2    | Found a runed translucent gate.
 46445 | Elf:2    | XOM: divination: detect creatures
 46685 | Vaults:1 | Entered Level 1 of the Vaults
 46687 | Vaults:1 | XOM: potion effect (brilliance)
 46805 | Vaults:1 | XOM: potion effect (magic)
 46957 | Vaults:1 | XOM: fog
 47186 | Vaults:1 | Found a runed translucent door.
 47186 | Vaults:1 | Noticed Corraure's ghost (adept FoFi)
 47240 | Vaults:1 | Reached skill level 9 in Evocations
 47273 | Vaults:1 | XOM: give mutations
 47273 | Vaults:1 | Lost mutation: You have a pair of small horns on your head.
                  | [Xom's mischief]
 47273 | Vaults:1 | Lost mutation: You are agile. (Dex +4, Str/Int -1) [Xom's
                  | mischief]
 47274 | Vaults:1 | XOM: give mutations
 47274 | Vaults:1 | Gained mutation: You have a pair of small antennae on your
                  | head. [Xom's grace]
 47274 | Vaults:1 | Gained mutation: You passively dampen the noise of your
                  | surroundings. [Xom's grace]
 47274 | Vaults:1 | Gained mutation: You passively map a small area around you.
                  | [Xom's grace]
 47451 | Vaults:1 | XOM: divination: detect items
 47539 | Vaults:1 | XOM: silly message
 47853 | Vaults:1 | XOM: silly message
 47986 | Vaults:1 | XOM: silly message
 48352 | Vaults:2 | XOM: divination: magic mapping
 48400 | Vaults:2 | Found Huut Dun's Weapon Shoppe.
 48420 | Vaults:2 | Found a portal to a secret trove of treasure.
 48508 | Vaults:2 | XOM: potion effect (invisibility)
 48547 | Vaults:2 | Reached skill level 11 in Dodging
 48631 | Vaults:2 | Reached XP level 21. HP: 194/194 MP: 31/31
 48697 | Vaults:2 | XOM: silly message
 48710 | Vaults:2 | Reached skill level 14 in Transmutations
 48711 | Vaults:2 | XOM: polymorph vault sentinel -> fire crab
 49085 | Vaults:2 | XOM: silly message
 49086 | Vaults:2 | XOM: confuse monster(s)
 49095 | Vaults:2 | Reached skill level 10 in Evocations
 49655 | Vaults:3 | Found a staircase to the Crypt.
 49744 | Vaults:3 | XOM: fog
 49756 | Vaults:3 | XOM: enchant monster (good)
 49786 | Vaults:3 | XOM: summons friendly shadow imp
 49791 | Vaults:3 | Reached skill level 12 in Dodging
 49792 | Vaults:3 | Reached skill level 11 in Evocations
 49799 | Vaults:3 | XOM: 1-stop teleportation journey
 50107 | Vaults:3 | XOM: 1-stop teleportation journey
 50174 | Vaults:3 | XOM: enchant monster (good)
 50430 | Vaults:3 | XOM: scenery: 1 doors open, 1 doors close
 50505 | Vaults:3 | XOM: confuse monster(s)
 50549 | Vaults:3 | XOM: divination: detect creatures
 50718 | Vaults:3 | Reached skill level 12 in Evocations
 50749 | Vaults:3 | XOM: scenery: 2 doors open, 2 doors close
 50758 | Vaults:3 | XOM: smoke on damage
 51128 | Vaults:3 | XOM: scenery: 1 doors close
 51157 | Vaults:3 | XOM: destruction
 51168 | Vaults:3 | XOM: fog
 51269 | Vaults:3 | XOM: give mutations
 51269 | Vaults:3 | Gained mutation: Your flesh is heat resistant. (rF+) [Xom's
                  | grace]
 51269 | Vaults:3 | Gained mutation: Your tail ends in a venomous barb. [Xom's
                  | grace]
 51269 | Vaults:3 | Gained mutation: You have a moderately thin skeletal
                  | structure. (Dex +4, Stealth++) [Xom's grace]
 51269 | Vaults:3 | Gained mutation: You are strong-willed. (Will+) [Xom's
                  | grace]
 51526 | Vaults:4 | XOM: confuse monster(s)
 51612 | Vaults:4 | XOM: enchant monster (good)
 51613 | Vaults:4 | XOM: summons friendly white imp
 51615 | Vaults:4 | XOM: god gift: scale mail {god gift}
 51650 | Vaults:4 | XOM: enchant monster (good)
 51785 | Vaults:4 | XOM: give mutations
 51785 | Vaults:4 | Lost mutation: You passively map a small area around you.
                  | [Xom's mischief]
 51785 | Vaults:4 | Lost mutation: You have large cloven feet. [Xom's mischief]
 51785 | Vaults:4 | Lost mutation: You passively dampen the noise of your
                  | surroundings. [Xom's mischief]
 51785 | Vaults:4 | Gained mutation: You sometimes lose the ability to read
                  | scrolls when taking damage. [Xom's mischief]
 51880 | Vaults:4 | XOM: enchant monster (bad)
 52078 | Vaults:2 | XOM: give mutations
 52078 | Vaults:2 | Gained mutation: You are partially covered in large bone
                  | plates. (SH +4) [Xom's grace]
 52078 | Vaults:2 | Gained mutation: You have hidden genetic potential. [Xom's
                  | grace]
 52078 | Vaults:2 | Gained mutation: A frigid envelope surrounds you and
                  | freezes all who hurt you. [Xom's grace]
 52084 | Vaults:2 | XOM: cloud trail
 52374 | Elf:3    | Entered Level 3 of the Elven Halls
 52457 | Elf:3    | XOM: god gift: 30 gold pieces
 52570 | Elf:3    | Reached skill level 13 in Dodging
 52957 | Elf:3    | Reached skill level 19 in Fighting
 52975 | Elf:3    | Identified the ring "Exuquani" {Contam AC+4 Dex+4 Stlth+}
 53008 | Elf:3    | XOM: potion effect (might)
 53009 | Elf:3    | XOM: enchant monster (good)
 53024 | Elf:3    | Reached XP level 22. HP: 111/206 MP: 12/32
 53230 | Elf:2    | XOM: god gift: 50 gold pieces
 53428 | Elf:2    | XOM: god gift: 14 gold pieces
 53506 | Elf:3    | Identified the amulet of Zemenaat {Faith Dex+4}
 53508 | Elf:3    | Identified the +4 dagger "Qiren" {freeze, *Noise +Blink
                  | rC+++ Int+4}
 53693 | Elf:3    | Identified the ring of the Jester {Will+ Slay+4}
 53701 | Elf:3    | Identified the +8 short sword "Betrygoy" {freeze, rCorr
                  | Int+2}
 54084 | Vaults:2 | XOM: summons 4 hostile demons
 54142 | Vaults:2 | XOM: cast spell 'Summon Dragon'
 54146 | Vaults:2 | XOM: blink monster(s)
 54243 | Vaults:2 | XOM: summons 4 hostile shadow creatures
 54256 | Vaults:2 | XOM: give mutation
 54256 | Vaults:2 | Lost mutation: Your flesh is heat resistant. (rF+) [Xom's
                  | mischief]
 54737 | Vaults:4 | XOM: enchant monster (bad)
 54787 | Vaults:4 | Reached skill level 14 in Dodging
 55059 | Vaults:4 | XOM: confusion (+ monsters)
 55062 | Vaults:4 | XOM: polymorph vault sentinel -> black mamba
 55064 | Vaults:4 | XOM: confusion
 55070 | Vaults:4 | Reached skill level 20 in Fighting
 55074 | Vaults:4 | XOM: swap monsters
 55076 | Vaults:4 | XOM: 2-stop teleportation journey
 55226 | Vaults:4 | XOM: summons 1 hostile shadow creature
 55353 | Vaults:4 | XOM: noise
 55369 | Vaults:4 | XOM: noise
 55456 | Vaults:4 | XOM: divination: detect creatures
 55553 | Vaults:4 | XOM: cast spell 'Alistair's Intoxication'
 56104 | Depths:1 | Entered Level 1 of the Depths
 56108 | Depths:1 | XOM: summons 16 friendly demons
 56110 | Depths:1 | XOM: 5-stop teleportation journey
 56152 | Depths:1 | Noticed the Enchantress
 56164 | Depths:1 | Killed the Enchantress
 56167 | Depths:1 | XOM: god gift: +1 scimitar of chaos
 56186 | Depths:1 | XOM: summons 4 friendly demons
 56406 | Depths:1 | Found a gateway to Hell.
 56415 | Depths:1 | Found a one-way gate to the infinite horrors of the Abyss.
 56679 | Depths:1 | Found an ornate altar of the Wu Jian Council.
 56849 | Depths:2 | XOM: noise
 57088 | Depths:2 | XOM: scenery: 3 doors open
 57133 | Depths:2 | Noticed Grunn
 57140 | Depths:2 | Noticed Asterion
 57141 | Depths:2 | XOM: summons friendly shadow imp
 57146 | Depths:2 | Killed Grunn
 57151 | Depths:2 | Reached skill level 11 in Spellcasting
 57157 | Depths:2 | Asterion changed into Asterion the storm dragon
 57157 | Depths:2 | Noticed Asterion
 57157 | Depths:2 | XOM: polymorph Asterion -> Asterion the storm dragon
 57158 | Depths:2 | Asterion the storm dragon changed into Asterion the emperor
                  | scorpion
 57158 | Depths:2 | Noticed Asterion
 57158 | Depths:2 | XOM: polymorph Asterion the storm dragon -> Asterion the
                  | emperor scorpion
 57165 | Depths:2 | Killed Asterion the emperor scorpion
 57256 | Depths:2 | Gained mutation: Your tail ends in a sharp venomous barb.
                  | [hidden potential]
 57515 | Depths:2 | Found Ninierul's Serpentskin Sales.
 57716 | Depths:2 | XOM: scenery: 1 doors open
 58011 | D:7      | XOM: god gift: scroll of amnesia
 58109 | D:4      | Bought the ring "Bed Ott" {Wiz rF+ rC+ rCorr Str+2} for
                  | 6080 gold pieces
 58482 | Depths:2 | XOM: blink monster(s)
 58561 | Depths:2 | Reached skill level 15 in Dodging
 58564 | Depths:2 | Identified the amulet of Day {Spirit Harm Str+7}
 58588 | Depths:2 | Identified the ring "Nudoicim" {Fly Stlth+}
 58805 | Depths:2 | XOM: 2-stop teleportation journey
 58811 | Depths:2 | Reached skill level 19 in Shields
 58880 | Depths:2 | Found a one-way gate leading to the halls of Pandemonium.
 58923 | Depths:2 | XOM: enchant monster (good)
 59039 | Depths:2 | Identified the +5 quarterstaff "Waqacoink" {elec, Int+4}
 59073 | Depths:2 | XOM: cloud trail
 59366 | Depths:2 | Found a hazy altar of Hepliaklqana.
 59391 | Depths:2 | XOM: give mutations
 59391 | Depths:2 | Lost mutation: You sometimes lose the ability to read
                  | scrolls when taking damage. [Xom's mischief]
 59391 | Depths:2 | Lost mutation: You are strong-willed. (Will+) [Xom's
                  | mischief]
 59391 | Depths:2 | Gained mutation: You are clumsy. (Dex -2) [Xom's mischief]
 59443 | Depths:2 | Reached XP level 23. HP: 215/215 MP: 29/34
 59466 | Depths:2 | Found a runed translucent door.
 59468 | Depths:2 | Found a runed translucent door.
 59468 | Depths:2 | Noticed a juggernaut
 59644 | Depths:3 | Found Muutoclo's Book Shop.
 59645 | Depths:3 | Found Cutridon's Jewellery Emporium.
 59646 | Depths:3 | Found Kiang's Book Shop.
 59874 | Depths:3 | XOM: enchant monster (bad)
 59875 | Depths:3 | XOM: divination: detect items
 59880 | Depths:3 | Reached skill level 12 in Spellcasting
 59969 | Depths:3 | XOM: polymorph hell knight -> mana viper
 59982 | Depths:3 | XOM: polymorph golden dragon -> shapeshifter
 60227 | Depths:3 | Found a one-way gateway to a ziggurat.
 60352 | Depths:3 | XOM: potion effect (haste)
 60392 | Depths:3 | XOM: 4-stop teleportation journey
 60574 | Depths:3 | XOM: 6-stop teleportation journey
 60815 | Depths:3 | XOM: give mutations
 60815 | Depths:3 | Lost mutation: Your magical capacity is low. (-10% MP)
                  | [Xom's grace]
 60815 | Depths:3 | Gained mutation: You are strong-willed. (Will+) [Xom's
                  | grace]
 60891 | Depths:3 | XOM: fog
 60944 | Depths:3 | XOM: confuse monster(s)
 61113 | Depths:3 | Reached skill level 16 in Dodging
 61350 | Depths:3 | Identified the -1 pair of gloves of the Game of Kings
                  | {rElec Will+ Regen+}
 61438 | Depths:3 | Learned a level 2 spell: Wereblood
 61441 | Depths:3 | Learned a level 2 spell: Blink
 61488 | Depths:4 | Entered Level 4 of the Depths
 61559 | Depths:4 | XOM: divination: detect items
 61619 | Depths:4 | XOM: summons friendly quasit
 61640 | Depths:4 | Noticed Saint Roka
 61657 | Depths:4 | Killed Saint Roka
 61749 | Depths:4 | Noticed Vv
 61749 | Depths:4 | XOM: 7-stop teleportation journey
 61826 | Depths:4 | XOM: cleaving
 61830 | Depths:4 | Reached skill level 13 in Spellcasting
 61894 | Depths:4 | Identified the orb of Seocwe {light, rElec rN+++ rCorr
                  | Str-3}
 61977 | Depths:4 | XOM: give mutations
 61977 | Depths:4 | Gained mutation: You are highly strong-willed. (Will++)
                  | [Xom's grace]
 61977 | Depths:4 | Gained mutation: You expend magic power (3 MP) to
                  | strengthen your wands. [Xom's grace]
 61977 | Depths:4 | Gained mutation: Your flesh is heat resistant. (rF+) [Xom's
                  | grace]
 62026 | Depths:4 | Reached skill level 20 in Shields
 62026 | Depths:4 | Found a gate to the Realm of Zot.
 62031 | Depths:4 | XOM: divination: magic mapping
 62035 | Depths:4 | XOM: confuse monster(s)
 62055 | Depths:4 | Gained mutation: Your tail ends in a wickedly sharp and
                  | venomous barb. [hidden potential]
 62055 | Depths:4 | Lost mutation: You have hidden genetic potential. [hidden
                  | potential expressed]
 62436 | Depths:4 | Killed Vv
 62737 | Depths:3 | XOM: silly message
 62990 | Vaults:2 | XOM: divination: detect creatures
 63106 | Vaults:5 | Entered Level 5 of the Vaults
 63145 | Vaults:5 | XOM: potion effect (might)
 63147 | Vaults:5 | XOM: potion effect (brilliance)
 63148 | Vaults:5 | XOM: potion effect (haste)
 63191 | Vaults:5 | Identified the +4 shadow dragon scales "Arau" {Dex+5
                  | Stlth++++}
 63198 | Vaults:5 | Reached skill level 17 in Dodging
 63199 | Vaults:5 | XOM: potion effect (haste)
 63204 | Vaults:5 | XOM: potion effect (heal wounds)
 63249 | Vaults:5 | XOM: silly message
 63258 | Vaults:5 | Reached skill level 13 in Evocations
 63279 | Vaults:5 | Identified the +0 quarterstaff "Imnuelladi" {flame,
                  | *Corrode rPois Stlth+}
 63279 | Vaults:5 | Identified the ring of the Magpie {rF+ rN+ SInv}
 63281 | Vaults:5 | Reached XP level 24. HP: 224/224 MP: 31/40
 63285 | Vaults:5 | XOM: silly message
 63290 | Vaults:5 | Noticed a dread lich
 63301 | Vaults:5 | XOM: potion effect (heal wounds)
 63303 | Vaults:5 | Killed a dread lich
 63332 | Vaults:5 | Identified the amulet of Qanaeb {Spirit -Tele +Inv Dex+5
                  | Stlth+}
 63363 | Vaults:5 | Got the Omnibus of Kindled Displacement
 63369 | Vaults:5 | Got the Spellbook of Lofty Open Graves
 63552 | Vaults:5 | XOM: potion effect (brilliance)
 63572 | Vaults:5 | XOM: silly message
 63675 | Vaults:5 | XOM: confuse monster(s)
 63679 | Vaults:5 | Found Vyivvat's Jewellery Shoppe.
 63689 | Vaults:5 | XOM: confuse monster(s)
 63743 | Vaults:5 | XOM: cast spell 'Summon Mana Viper'
 63826 | Vaults:5 | Found Ape Urup's Antique Armour Shoppe.
 63866 | Vaults:5 | XOM: confusion (+ monsters)
 63867 | Vaults:5 | Reached skill level 14 in Evocations
 63922 | Vaults:5 | XOM: give mutations
 63922 | Vaults:5 | Lost mutation: Your tail ends in a wickedly sharp and
                  | venomous barb. [Xom's mischief]
 63922 | Vaults:5 | Lost mutation: Your tail ends in a sharp venomous barb.
                  | [Xom's mischief]
 64022 | Vaults:5 | Reached skill level 18 in Dodging
 64030 | Vaults:5 | XOM: summons friendly shadow imp
 64263 | Vaults:5 | Got a silver rune of Zot
 64425 | Vaults:5 | XOM: enchant monster (bad)
 64471 | Vaults:5 | XOM: scenery: create altars
 64523 | Vaults:5 | Identified the +2 hand axe of Amorality {freeze, rF++ Str-4
                  | Int+2 Stlth+}
 65126 | Vaults:2 | You paid a toll of +3 gold dragon scales to enter a
                  | treasure trove
 65127 | Trove    | Entered a treasure trove
 65359 | D:15     | XOM: cloud trail
 65434 | Depths:2 | XOM: scenery: 1 doors close
 65512 | Zot:1    | Entered Level 1 of the Realm of Zot
 65517 | Zot:1    | XOM: summons 2 friendly demons
 65522 | Zot:1    | Reached skill level 15 in Evocations
 65736 | Zot:3    | XOM: divination: magic mapping
 65785 | Zot:4    | XOM: noise
 65789 | Zot:4    | Reached skill level 14 in Spellcasting
 65916 | Zot:3    | XOM: noise
 66140 | Zot:4    | XOM: cleaving
 66490 | Zot:4    | Reached skill level 15 in Spellcasting
 66660 | Zot:4    | XOM: give mutations
 66660 | Zot:4    | Gained mutation: Your spells are a little harder to cast,
                  | but a little more powerful. [Xom's grace]
 66660 | Zot:4    | Gained mutation: Your skin changes colour to match your
                  | surroundings (Stealth+). [Xom's grace]
 66660 | Zot:4    | Gained mutation: Your mind is acute. (Int +4, Str/Dex -1)
                  | [Xom's grace]
 66660 | Zot:4    | Gained mutation: Your system is resistant to poisons.
                  | (rPois) [Xom's grace]
 67053 | Zot:4    | XOM: give mutations
 67053 | Zot:4    | Gained mutation: You are robust. (+10% HP) [Xom's grace]
 67053 | Zot:4    | Gained mutation: You are somewhat resistant to further
                  | mutation. [Xom's grace]
 67053 | Zot:4    | Gained mutation: You are extremely strong-willed. (Will+++)
                  | [Xom's grace]
 67053 | Zot:4    | Gained mutation: You have an increased reservoir of magic.
                  | (+10% MP) [Xom's grace]
 67424 | Zot:5    | Entered Level 5 of the Realm of Zot
 67438 | Zot:5    | Reached skill level 16 in Evocations
 67677 | Zot:5    | XOM: give mutations
 67677 | Zot:5    | Lost mutation: Your system is resistant to poisons. (rPois)
                  | [Xom's mischief]
 67677 | Zot:5    | Lost mutation: Your tail ends in a venomous barb. [Xom's
                  | mischief]
 67677 | Zot:5    | Lost mutation: A frigid envelope surrounds you and freezes
                  | all who hurt you. [Xom's mischief]
 67706 | Zot:5    | XOM: polymorph Orb Guardian -> eleionoma
 67721 | Zot:5    | XOM: destruction
 67729 | Zot:5    | Reached skill level 16 in Spellcasting
 67930 | Zot:5    | XOM: torment (144/246 hp)
 68712 | Zot:5    | Noticed a Killer Klown
 68718 | Zot:5    | XOM: polymorph Orb Guardian -> quicksilver dragon
 68731 | Zot:5    | Killed a Killer Klown
 68732 | Zot:5    | XOM: cloud trail
 68763 | Zot:5    | Noticed an orb of fire
 68783 | Zot:5    | Killed an orb of fire
 68784 | Zot:5    | Reached XP level 25. HP: 254/254 MP: 37/47
 68793 | Zot:5    | XOM: give mutations
 68793 | Zot:5    | Gained mutation: A frigid envelope surrounds you and
                  | freezes all who hurt you. [Xom's grace]
 68793 | Zot:5    | Lost mutation: You are somewhat resistant to further
                  | mutation. [Xom's grace]
 68793 | Zot:5    | Gained mutation: You have hidden genetic potential. [Xom's
                  | grace]
 68897 | Zot:5    | Noticed a dread lich
 68907 | Zot:5    | XOM: confuse monster(s)
 68915 | Zot:5    | Killed a dread lich
 69385 | Zot:5    | XOM: god gift: 28 gold pieces
 69461 | Zot:5    | XOM: god gift: 40 gold pieces
 69788 | Zot:5    | Noticed a Killer Klown
 69806 | Zot:5    | Noticed an ancient lich
 69811 | Zot:5    | XOM: stat loss: -1 Int (20/21)
 69813 | Zot:5    | Killed an ancient lich
 69814 | Zot:5    | Reached skill level 17 in Spellcasting
 69816 | Zot:5    | Killed a Killer Klown
 69913 | Zot:5    | Noticed an ancient lich
 69924 | Zot:5    | Killed an ancient lich
 69925 | Zot:5    | Noticed an ancient lich
 69933 | Zot:5    | Killed an ancient lich
 69937 | Zot:5    | Reached skill level 19 in Dodging
 69984 | Zot:5    | Noticed a dread lich
 69988 | Zot:5    | XOM: blink monster(s)
 69993 | Zot:5    | Killed a dread lich
 70002 | Zot:5    | XOM: draining
 70156 | Zot:5    | Noticed an ancient lich
 70161 | Zot:5    | Noticed an orb of fire
 70162 | Zot:5    | Killed an ancient lich
 70165 | Zot:5    | Gained mutation: You sometimes lose the ability to read
                  | scrolls when taking damage. [an orb of fire]
 70171 | Zot:5    | XOM: chaos cloud
 70249 | Zot:5    | XOM: give mutations
 70249 | Zot:5    | Lost mutation: Your flesh is heat resistant. (rF+) [Xom's
                  | mischief]
 70249 | Zot:5    | Lost mutation: You are partially covered in large bone
                  | plates. (SH +4) [Xom's mischief]
 70249 | Zot:5    | Lost mutation: You have a moderately thin skeletal
                  | structure. (Dex +4, Stealth++) [Xom's mischief]
 70349 | Abyss:4  | Cast into level 4 of the Abyss (Xom)
 70354 | Abyss:4  | XOM: summons 4 hostile shadow creatures
 70378 | Abyss:4  | XOM: silly message
 70389 | Abyss:4  | XOM: confusion
 70397 | Abyss:4  | Found a corrupted altar of Lugonu.
 70444 | Zot:5    | Escaped the Abyss
 70487 | Zot:5    | XOM: god gift: scroll of silence
 70519 | Zot:5    | XOM: summons 3 friendly demons
 70533 | Zot:5    | XOM: give mutations
 70533 | Zot:5    | Gained mutation: You have sharp toenails. [Xom's grace]
 70533 | Zot:5    | Gained mutation: Your mind is very acute. (Int +8, Str/Dex
                  | -2) [Xom's grace]
 70533 | Zot:5    | Gained mutation: Your tail ends in a venomous barb. [Xom's
                  | grace]
 70533 | Zot:5    | Gained mutation: Your muscles are strong. (Str +4, Int/Dex
                  | -1) [Xom's grace]
 70602 | Zot:5    | XOM: fog
 70605 | Zot:5    | Reached skill level 20 in Dodging
 70682 | Zot:5    | XOM: give mutations
 70682 | Zot:5    | Lost mutation: You have a somewhat thin skeletal structure.
                  | (Dex +2, Stealth+) [Xom's mischief]
 70682 | Zot:5    | Lost mutation: You are extremely strong-willed. (Will+++)
                  | [Xom's mischief]
 70682 | Zot:5    | Lost mutation: You have an increased reservoir of magic.
                  | (+10% MP) [Xom's mischief]
 70697 | Zot:5    | Got the Orb of Zot
 71274 | D:7      | Noticed Erafopon the pandemonium lord
 71286 | D:6      | XOM: cloud trail
 71434 | D:$      | Escaped with the Orb!

Illustrated notes

Levels and vault maps discovered:
D:1:      psy_arrival_radial02, layout_basic,
          hellmonk_ecumenical_altar_arch_garden
D:2:      layout_basic
D:3:      layout_loops_ring, mainiacjoe_overflow_24_doors,
          general_overflow_altar, minmay_misc_feat_chi, grunt_ministairs_6,
          chequers_serial_rivers_micro_e, kennysheep_donut, uniq_natasha
D:4:      cheibrodos_pilgrimage, layout_layer_cave,
          nicolae_overflow_hidden_temple, nicolae_gozag_zags_fifth_avenue,
          minmay_cupped, uniq_menkaure
D:5:      layout_cave_pools, minitemple, uniq_blork_the_orc, uniq_duvessa
D:6:      layout_basic, serial_aquarium, aquarium_bridge_long_separate
          [aquarium_subvault_bridge, aquarium_subvault_bridge,
          aquarium_subvault_bridge, aquarium_subvault_wall,
          aquarium_subvault_balcony, aquarium_subvault_bridge],
          aquarium_bridge_island_small [aquarium_subvault_small_open,
          aquarium_subvault_bridge, aquarium_subvault_window,
          aquarium_subvault_wall, aquarium_subvault_wall], aquarium_window_2,
          aquarium_window_1, aquarium_view_2b, aquarium_balcony_double_1,
          aquarium_pool_2, nicolae_titane
D:7:      layout_basic, marbit_many_paths, amcnicky_altar_gilded,
          minmay_temple_entry_nine_rooms, serial_rivers,
          chequers_serial_rivers_room_b, chequers_serial_rivers_large_a,
          chequers_serial_rivers_marsh, chequers_serial_rivers_micro_e,
          chequers_serial_rivers_room_a, chequers_ossuary_entry_cave,
          biasface_ghost_orc_armoury, minmay_chambers_of_fives, uniq_pikel
D:8:      layout_layer_cave, david_lair_generic, minmay_fire_ice_demons,
          uniq_maggie, uniq_erica
D:9:      layout_long_grid, lemuel_crystal_altar, erik_orc_1,
          gammafunk_ghost_spectres
D:10:     layout_roguey, nicolae_dithmenos_shadow_blocks,
          kennysheep_slug_shrine, nicolae_ru_great_annihilating_truth,
          elyvilon_altar_1, serial_shops, nicolae_shop_stone, serial_undead,
          serial_undead_e, serial_undead_f, serial_undead_c, serial_undead_c,
          serial_undead_c, serial_undead_b, chequers_serial_rivers_micro_b,
          hangedman_misty_isle
D:11:     layout_gridville, gauntlet_entry_generic, serial_bayou,
          serial_bayou_pond_b, serial_bayou_pond_e, serial_bayou_shore_b,
          serial_bayou_lagoon_a, serial_bayou_pond_b, kennysheep_small_square,
          uniq_amaemon, uniq_maurice
D:12:     nicolae_hexawheel, layout_loops_ring
D:13:     layout_stronghold, drop_trap
D:14:     layout_irregular_city, david_vaults_4, serial_shops,
          nicolae_square_shop, uniq_frances, uniq_nessos, uniq_azrael,
          uniq_josephine
D:15:     grunt_enter_depths_snipers, layout_basic, chequers_big_river
Lair:1:   layout_regular_city, basic_altar, lemuel_oklob_altar
Lair:2:   layout_chaotic_city, serial_rivers, chequers_serial_rivers_micro_a,
          chequers_serial_rivers_micro_e, chequers_serial_rivers_small_b,
          chequers_serial_rivers_large_b, gammafunk_ghost_hydra_chop
Lair:3:   dpeg_oklob_shooting_range, layout_big_grid, swamp_mist,
          nicolae_spider_entry_non_spiders, lemuel_fruit_tree, uniq_fannar
Lair:4:   layout_hall_layers, dpeg_oklob_1
Lair:5:   guppyfry_lair_end_dragon, layout_layer_cave,
          nicolae_slime_entry_field_trip, special_room [special_room_jelly]
Swamp:1:  layout_basic_swamp, evilmike_swamp_ruin_house_2, swamp_pool3,
          cheibrodos_swamp_minitomb
Swamp:2:  layout_basic_swamp, serial_swamp_ruin, evilmike_swamp_ruin_house_6,
          evilmike_swamp_ruin_rubble_2, swamp_pool4, nicolae_swamp_snake_nest
Swamp:3:  layout_basic_swamp, evilmike_swamp_ruin_house_4, swamp_pool2,
          infiniplex_staircase_pool
Swamp:4:  swamp_old_school, layout_basic_swamp, swamp_pool1,
          nicolae_swamp_wisp_ring_woods
Spider:1: layout_cave_pods
Spider:2: layout_spider_delve
Spider:3: layout_spider_delve, hangedman_spider_tarantella_strand,
          uniq_bai_suzhen
Spider:4: floodkiller_spider_rune_tomb, uniq_mara
Orc:1:    layout_caves, serial_shops, shop
Orc:2:    st_orc_ogre_mass, layout_caves,
          portal_ice_cave_entry_animals_and_master, basic_altar, uniq_donald
Elf:1:    minmay_elf_arrival_summoners, layout_geoelf_diagonals, serial_shops,
          nicolae_shop_bloodbath_and_beyond, minmay_elf_crystal_hexagon,
          eino_tiny_chamber, st_stairs_5, grunt_ministairs_14,
          elves_outpost_lemuel
Elf:2:    elven_hall_of_blades_hangedman_original
          [nicolae_blade_entry_crossed_weapons], layout_geoelf_grid,
          serial_shops, nicolae_shop_stone
Elf:3:    grunt_elf_hall_diamonds, layout_geoelf_octagon
Vaults:1: ebering_ghost_inner_flame, vaults_dpeg_ring, hangedman_vaults_nails,
          v_misc_2, ontoclasm_vaults_ring_square, nicolae_vaults_shelves_hall,
          v_misc_17, vaults_room_pools, nicolae_vaults_rhombus_6,
          layout_vaults_omnigrid
Vaults:2: v_alt_pattern_5, vaults_room_semicircle, nicolae_vaults_alarming,
          ontoclasm_vaults_idyll, vaults_mumra_lcd,
          nicolae_vaults_little_squares_3, ontoclasm_vaults_ring_square,
          nicolae_vaults_asterisk, nicolae_vaults_bisected_exclaves, v_rooms_5,
          v_alt_pattern_1, v_misc_3, layout_vaults_omnibox,
          nicolae_trove_entry_diagonal, serial_shops, nicolae_shop_trees
Vaults:3: minmay_crypt_entry_simple_sparse, vaults_room_octagon, v_rooms_4,
          v_misc_30, hangedman_vaults_maws, v_pattern_2,
          nicolae_vaults_windows_and_doors_thing, vaults_room_door_hall,
          vaults_room_door_ring, nicolae_vaults_angled_halls, vaults_dpeg_cross,
          layout_vaults_big_room
Vaults:4: vaults_room_octagon, nicolae_vaults_big_ls, vaults_dpeg_diagonal,
          nicolae_vaults_inception_network, v_misc_25, ontoclasm_vaults_eye,
          nicolae_vaults_ninety_degrees, vaults_mumra_hexcomb,
          hangedman_vaults_trim, v_misc_12, vaults_room_semicircle,
          vaults_room_semicircle, vaults_dpeg_encased_lava,
          nicolae_vaults_little_squares_1, layout_vaults_maze_bifur
Vaults:5: serial_shops
Depths:1: layout_cave_shapes, minmay_misc_feat_secret_circle, abyss_entry,
          hell_entry, nicolae_wu_jian_immortal_techniques, firewood_loft,
          uniq_enchantress
Depths:2: minmay_the_grid_triangle_9x9_recursive_3_mashed
          [minmay_the_grid_triangle_9x9_thin_v,
          minmay_the_grid_triangle_9x9_corruption,
          minmay_the_grid_triangle_9x9_tough_junction,
          minmay_the_grid_triangle_9x9_prize_center,
          minmay_the_grid_triangle_9x9_semitri,
          minmay_the_grid_triangle_9x9_odd_lines,
          minmay_the_grid_triangle_9x9_minimal,
          minmay_the_grid_triangle_9x9_empty,
          minmay_the_grid_triangle_9x9_impossible_snake], layout_basic,
          hell_entry, grunt_pan_entry_spiral, nicolae_hepliaklqana_hippocampus,
          guppyfry_shop_venom, infiniplex_staircase_squiggle, uniq_asterion,
          uniq_grunn
Depths:3: nzn_winding_woodlands_large [nzn_winding_woodlands_hourglass,
          nzn_winding_woodlands_5x15_cabin, nzn_winding_woodlands_5x5_open_star,
          nzn_winding_woodlands_center_pierced_h,
          nzn_winding_woodlands_15x15_killbox,
          nzn_winding_woodlands_center_diamonds,
          nzn_winding_woodlands_5x5_three, nzn_winding_woodlands_5x15_sawtooth,
          nzn_winding_woodlands_5x5_closed_star], layout_basic,
          enter_ziggurat_a, kennysheep_cross_bottleneck, lightli_too_deep,
          abyss_entry_crystal, pan_entry, minmay_shop_grove
Depths:4: evilmike_zot_entry_argh, layout_basic, pan_entry,
          hangedman_tar_grid_catacomb, abyss_entry, hellmonk_bongcloud_opening,
          uniq_saint_roka, uniq_vv
Zot:1:    layout_basic
Zot:2:    layout_gridlike, st_stairs_6, hangedman_zot_decor_slant,
          st_small_dragon_hoard_3
Zot:3:    layout_misc_corridors, basic_altar
Zot:4:    layout_basic, grunt_megastairs_4
Zot:5:    layout_cellular_growth

Skill      XL: |  1  2  3  4  5  6  7  8  9 10 11 12 13 14 15 16 17 18 19 20 21 22 23 24 25 |
---------------+----------------------------------------------------------------------------+-----
Stealth        | 3 |  3.0
Long Blades    | 5 6 8 11 12 13 14 | 14.0
Fighting       | 5 12 13 14 15 16 17 18 19 20 | 20.0
Shields        | 2 3 5 8 9 10 13 14 15 18 19 20 | 20.1
Dodging        | 3 4 6 10 11 13 15 17 18 20 | 20.0
Evocations     | 4 6 8 9 12 13 16 | 16.7
Transmutations | 4 10 11 13 14 | 14.0
Conjurations   | 2 7 |  7.5
Spellcasting   | 1 5 8 10 11 13 16 17 | 17.0
Earth Magic    | 10 11 12 | 12.0

Action                     |  1- 3 |  4- 6 |  7- 9 | 10-12 | 13-15 | 16-18 | 19-21 | 22-24 | 25-27 || total
---------------------------+-------+-------+-------+-------+-------+-------+-------+-------+-------++-------
  Melee: Falchion          |    14 |   105 |       |       |       |       |       |       |       ||   119
         Tailslap          |     1 |    24 |    19 |    82 |   369 |   236 |   333 |   372 |    61 ||  1497
         Long sword        |       |   125 |    80 |       |       |       |       |       |       ||   205
         Punch             |       |     2 |     1 |       |       |       |       |       |       ||     3
         Trident           |       |       |    90 |   217 |       |       |       |       |       ||   307
         Dagger            |       |       |     2 |       |       |       |       |       |       ||     2
         Scimitar          |       |       |       |   309 |  1063 |   597 |    10 |       |       ||  1979
         Headbutt          |       |       |       |    33 |   505 |   326 |   208 |       |       ||  1072
         Kick              |       |       |       |       |   248 |   290 |   565 |       |    27 ||  1130
         Quick blade       |       |       |       |       |   651 |   171 |    13 |       |       ||   835
         Demon blade       |       |       |       |       |       |   450 |  1347 |  1525 |   223 ||  3545
  Throw: Dart              |       |     4 |       |       |       |     4 |       |     1 |       ||     9
   Cast: Passwall          |       |       |       |       |     3 |       |       |     3 |       ||     6
         Irradiate         |       |       |       |       |    27 |    60 |    24 |    21 |     7 ||   139
         Statue Form       |       |       |       |       |    32 |   101 |   124 |   145 |    21 ||   423
         Wereblood         |       |       |       |       |       |       |       |    17 |     6 ||    23
         Apportation       |       |       |       |       |       |       |       |       |     1 ||     1
Ability: Breathe Frost     |       |       |     9 |    15 |     9 |       |       |       |       ||    33
         End Transformatio |       |       |       |       |     1 |       |       |       |     3 ||     4
  Evoke: Piece from Xom's  |     1 |     2 |     8 |     7 |       |       |       |       |       ||    18
         Wand              |       |       |     4 |     6 |     9 |    29 |     3 |    12 |    13 ||    76
         Lightning rod     |       |       |       |     5 |    13 |     5 |     5 |     4 |       ||    32
         Condenser vane    |       |       |       |       |     1 |     2 |     4 |     5 |       ||    12
         Box of beasts     |       |       |       |       |     1 |       |     1 |       |       ||     2
         Phantom mirror    |       |       |       |       |       |       |     2 |     1 |       ||     3
         Tin of tremorston |       |       |       |       |       |       |       |     6 |     2 ||     8
    Use: Scroll            |       |     5 |     2 |    13 |     6 |    22 |     8 |    14 |     5 ||    75
         Potion            |       |     1 |       |     3 |    17 |     9 |     4 |     9 |     6 ||    49
   Stab: Petrified         |     3 |       |     8 |       |       |     5 |     1 |       |       ||    17
         Invisible         |     1 |     1 |       |       |    10 |       |     5 |     4 |       ||    21
         Sleeping          |       |    11 |     2 |     3 |     5 |     2 |     7 |     6 |       ||    36
         Distracted        |       |     1 |     4 |       |     8 |     1 |     2 |     2 |     1 ||    19
         Confused          |       |       |       |       |    15 |     5 |     3 |     9 |       ||    32
         Paralysed         |       |       |       |       |     2 |     2 |     4 |     2 |     2 ||    12
         Petrifying        |       |       |       |       |     1 |     3 |     1 |       |       ||     5
 Armour: Skin              |     2 |   142 |    87 |   124 |   464 |  1008 |   641 |   350 |   101 ||  2919
  Dodge: Dodged            |     8 |   167 |   138 |   371 |  1154 |  1020 |   935 |   701 |   180 ||  4674
  Block: Buckler           |       |       |       |    37 |   303 |    31 |       |       |       ||   371
         Kite shield       |       |       |       |   107 |   225 |  1247 |  1662 |  1810 |   326 ||  5377
         Reflection        |       |       |       |       |       |       |       |    14 |     1 ||    15

Table legend: (Time is in decaauts)
 A = Elapsed time spent in this place.
 B = Non-inter-level travel time spent in this place.
 C = Inter-level travel time spent in this place.
 D = Time resting spent in this place.
 E = Time spent auto-exploring this place.
 F = Levels seen in this place.
 G = Mean time per level.
                   A        B        C        D        E       F      G
               +--------+--------+--------+--------+--------+-----+--------+
         Total |  78353 |  70930 |   7423 |   9875 |  43004 |  53 | 1478.4 |
       Dungeon |  23019 |  19666 |   3353 |   1390 |  13972 |  15 | 1534.6 |
          Lair |   8765 |   8064 |    701 |   1693 |   4465 |   5 | 1753.0 |
         Swamp |   5574 |   5470 |    104 |    342 |   3780 |   4 | 1393.5 |
   Spider Nest |   7385 |   6980 |    405 |   1262 |   3768 |   4 | 1846.2 |
  Orcish Mines |   1973 |   1634 |    339 |     24 |   1058 |   2 |  986.5 |
   Elven Halls |   4144 |   3872 |    272 |    523 |   2199 |   3 | 1381.3 |
        Vaults |  11405 |  10028 |   1377 |    593 |   6922 |   5 | 2281.0 |
        Depths |   7428 |   6774 |    654 |    575 |   4595 |   4 | 1857.0 |
           Zot |   6154 |   5938 |    216 |   3100 |   1446 |   5 | 1230.8 |
         Abyss |    512 |    512 |      0 |      0 |      0 |   2 |  256.0 |
         Trove |     38 |     38 |      0 |      0 |      0 |   1 |   38.0 |
       Ossuary |    230 |    230 |      0 |      4 |    126 |   1 |  230.0 |
      Ice Cave |    810 |    810 |      0 |    185 |    360 |   1 |  810.0 |
      Gauntlet |    910 |    910 |      0 |    180 |    309 |   1 |  910.0 |
               +--------+--------+--------+--------+--------+-----+--------+

Top non-repeatable levels by time:
   Zot:5: 3704 daAuts
Depths:2: 2659 daAuts
Vaults:2: 2423 daAuts
    D:10: 2376 daAuts
Vaults:5: 2351 daAuts
  Lair:5: 2296 daAuts
Vaults:4: 2269 daAuts
Spider:1: 2206 daAuts
Depths:3: 2198 daAuts
Vaults:1: 2182 daAuts
Vaults:3: 2178 daAuts
    D:15: 2096 daAuts
     D:3: 2063 daAuts
Spider:4: 2036 daAuts
    D:14: 2027 daAuts
